 Dungeon Crawl Stone Soup version 0.32-a0-685-g93135e86f0 (webtiles) character file.

Game seed: 8530714867955615336

783309 Xavori the Worldbinder (level 27, -3/279 HPs)
             Began as a Djinni Chaos Knight on Mar 11, 2024.
             Was a Favourite Plaything of Xom.
             Killed from afar by Cerebov (30 damage)
             ... with a great blast of fire
             ... in Pandemonium on Mar 12, 2024.
             The game lasted 04:02:04 (91292 turns).

Xavori the Worldbinder (Djinni Chaos Knight)       Turns: 91292, Time: 04:02:05

Health: -3/279     AC: 38    Str: 28      XL:     27
Gold:   5926       EV: 24    Int: 20 (21) God:    Xom [.*....] SH: 15 Dex: 18

rFire   + + +        Z - +18 lance "Wyrmbane" {slay drac, rPois rF+ rC+ AC+3}
rCold   + . .        W - +2 kite shield {AC+3}
rNeg    + + +        Q - +10 pearl dragon scales
rPois   ∞            X - +3 crown of Dyrovepreva {rElec Int+2 SInv}
rElec   +            v - +2 cloak
rCorr   +            d - +1 pair of gloves {Str+3}
SInv    +            (boots unavailable)
Will    +++++        n - amulet "Garphenu" {rPois Will+ Regen+ Slay+2} Stlth
                     T - ring of Darkness {rCorr Slay+2}
HPRegen 1.46/turn    U - ring "Tewk" {rN++ Str+6}
MPRegen 0.00/turn

%: clarity, infuse magic (-4 HP)
@: on fire, about to teleport, death-form, flying, glowing, studying 7 skills
A: vile attack, torment immunity, no potions, flying, sickness immunity, fire
resistance 2, cold vulnerability 1, float, innate caster, HP casting, extra
vitality 1, horns 1, clarity, deformed body, deterioration 1, strong-willed 1,
sense surroundings 2, robust 3, strong 2, wild magic 1, evolution 1, sturdy
frame 1
}: 6/15 runes: decaying, serpentine, slimy, silver, demonic, dark
a: Siphon Essence, Begin Untransformation, Renounce Religion


You were in Pandemonium.
You worshipped Xom.
You were a plaything of Xom.
You were an undying horror.
You visited 12 branches of the dungeon, and saw 56 of its levels.
You visited Pandemonium 1 time, and saw 13 of its levels.
You also visited: Sewer, Bailey, Ice Cave, Wizlab and Desolation.

You collected 9999 gold pieces.
You spent 4073 gold pieces at shops.

Inventory:

Hand Weapons
 Z - the +18 lance "Wyrmbane" (weapon) {slay drac, rPois rF+ rC+ AC+3}
   (You bought it in a shop on level 2 of the Orcish Mines)

   AC+3:      It affects your AC (+3).
   rF+:       It protects you from fire.
   rC+:       It protects you from cold.
   rPois:     It protects you from poison.
Missiles
 i - a throwing net (quivered)
Armour
 d - a +1 pair of gloves of strength (worn)
 v - a +2 cloak (worn)
 B - the +0 hat "Oczof" {rF+ Regen+}
   (You found it on level 3 of the Lair of Beasts)

   rF+:       It protects you from fire.
   Regen+:    It increases your rate of health regeneration.
 D - the +0 hat of Greed {rC+ Int+6}
   (Xom gifted it to you in Pandemonium)

   Int+6:     It affects your intelligence (+6).
   rC+:       It protects you from cold.
 L - a +2 tower shield of fire resistance
 O - the +0 hat of Ru's Outrage {rCorr}
   (You found it on level 1 of the Lair of Beasts)

   rCorr:     It protects you from acid and corrosion.
 Q - +10 pearl dragon scales (worn)
 W - a +2 kite shield of protection (worn)
 X - the +3 crown of Dyrovepreva (worn) {rElec Int+2 SInv}
   (You acquired it in Pandemonium)

   Int+2:     It affects your intelligence (+2).
   rElec:     It insulates you from electricity.
   SInv:      It lets you see invisible.
Magical Staves
 S - the staff of Faddar {rF+ Str+3 Dex-5 Stlth-- Necro Fire Ice Air}
   (You found it on level 4 of the Depths)

   [staff of fire]

   Base accuracy: +5 Base damage: 5 Base attack delay: 1.2 This weapon's minimum
   attack delay (0.6) is reached at skill level 12.
   Str+3:     It affects your strength (+3).
   Dex-5:     It affects your dexterity (-5).
   rF+:       It protects you from fire.
   Stlth--:   It makes you much less stealthy.
   Necro:     It increases the power of your Necromancy spells.
   Fire:      It increases the power of your Fire spells.
   Ice:       It increases the power of your Ice spells.
   Air:       It increases the power of your Air spells.
   It falls into the 'Staves' category.
   It is a one-handed weapon.
Jewellery
 n - the amulet "Garphenu" (around neck) {rPois Will+ Regen+ Slay+2}
   (You found it on level 3 of the Crypt)

   [amulet of regeneration]

   Slay+2:    It affects your accuracy & damage with ranged weapons and melee
   (+2).
   rPois:     It protects you from poison.
   Will+:     It increases your willpower.
   Regen+:    It increases your rate of health regeneration.
 N - the ring "Voifupn" {Ice rElec rN+ Str+2}
   (You found it in the Desolation of Salt)

   [ring of ice]

   Ice:       It enhances your ice magic.
   Str+2:     It affects your strength (+2).
   rF-:       It makes you vulnerable to fire.
   rC+:       It protects you from cold.
   rElec:     It insulates you from electricity.
   rN+:       It protects you from negative energy.
 T - the ring of Darkness (left hand) {rCorr Slay+2}
   (You found it on level 3 of the Vaults)

   [ring of resist corrosion]

   Slay+2:    It affects your accuracy & damage with ranged weapons and melee
   (+2).
   rCorr:     It protects you from acid and corrosion.
 U - the ring "Tewk" (right hand) {rN++ Str+6}
   (You found it on level 3 of the Crypt)

   [ring of strength]

   Str+6:     It affects your strength (+6).
   rN++:      It greatly protects you from negative energy.
Talismans
 r - a talisman of death (active)
Wands
 o - a wand of iceblast (78)
 q - a wand of digging (15)
 t - a wand of flame (112)
 w - a wand of acid (10)
 M - a wand of polymorph (16)
 V - a wand of mindburst (58)
Scrolls
 b - 8 scrolls of fog
 c - a scroll of butterflies
 e - a scroll of silence
 k - 9 scrolls of poison
 u - 16 scrolls of teleportation
 x - 3 scrolls of blinking
 y - 2 scrolls of enchant armour
 z - 13 scrolls of immolation
 F - 4 scrolls of torment
 H - 7 scrolls of revelation
 J - 3 scrolls of summoning
 Y - 8 scrolls of fear
Potions
 a - 8 potions of cancellation
 f - 4 potions of ambrosia
 g - 19 potions of heal wounds
 h - 8 potions of enlightenment
 j - 7 potions of lignification
 l - 11 potions of might
 m - 11 potions of haste
 p - 11 potions of mutation
 s - 23 potions of curing
 A - 9 potions of brilliance
 E - 6 potions of berserk rage
 G - 5 potions of invisibility
 P - 2 potions of resistance
Miscellaneous
 C - a phantom mirror (inert)
 I - a box of beasts
 K - a tin of tremorstones (2/2)


   Skills:
 + Level 23.1 Fighting
 - Level 9.7 Long Blades
 + Level 14.4 Polearms
 + Level 17.6 Armour
 + Level 22.8 Dodging
 - Level 11.2 Shields
 * Level 22.5 Spellcasting
 * Level 22.5 Conjurations
 * Level 22.5 Hexes
 * Level 25.2 Summonings
 * Level 25.0 Necromancy
 * Level 22.5 Translocations
 * Level 22.5 Fire Magic
 * Level 22.5 Ice Magic
 * Level 22.5 Air Magic
 * Level 22.5 Earth Magic
 * Level 22.5 Alchemy
 - Level 11.4 Evocations
 - Level 23.1 Shapeshifting


You knew the following spells:

 Your Spells              Type           Power      Damage    Failure   Level
a - Shock                 Conj/Air       100%       1d9       1%          1
b - Static Discharge      Conj/Air       100%       3-8/arc   1%          2
c - Ozocubu's Armour      Ice            98%        N/A       1%          3
d - Stone Arrow           Conj/Erth      100%       3d13      1%          3
e - Animate Dead          Necr           100%       N/A       1%          4
f - Freezing Cloud        Conj/Ice/Air   49%        6-21      1%          5
g - Sculpt Simulacrum     Ice/Alch       49%        N/A       1%          6
h - Ozocubu's Refrigerat  Ice            49%        4d18      1%          7
i - Monstrous Menagerie   Summ           51%        N/A       1%          7
j - Infestation           Necr           51%        N/A       2%          8
k - Discord               Hex            49%        N/A       4%          8
l - Shatter               Erth           49%        3d37*     50%         9
m - Death's Door          Necr           51%        N/A       22%         9
Your spell library was empty.

Dungeon Overview and Level Annotations

Branches:
Dungeon (15/15)            Temple (0/1) D:4            Lair (5/5) D:11
  Swamp (4/4) Lair:2        Snake (4/4) Lair:2        Slime (5/5) Lair:4
    Orc (2/2) D:11            Elf (3/3) Orc:2        Vaults (5/5) D:14
  Crypt (3/3) Vaults:3       Tomb (0/3) Crypt:3      Depths (4/4) D:15
   Hell (visited)             Dis (0/7) Hell            Geh (0/7) Hell
    Coc (0/7) Hell            Tar (0/7) Hell            Zot (5/5) Depths:4
  Sewer (visited)          Bailey (visited)           IceCv (visited)
 WizLab (visited)         Desolation (visited)

Altars:
Ashenzari
Cheibriados
Dithmenos
Fedhas
Gozag
Hepliaklqana
Makhleb
Okawaru
Qazlal
Ru
Trog
Xom
Yredelemnul
The Shining One
Beogh
Jiyva

Shops:
D:4 =   D:5 :!(!   D:13 ?   Orc:2 :[(*   Vaults:1 *   Vaults:2 !   Vaults:3 :
Depths:1 *

Portals:
Hell: Depths:1 Depths:2 Depths:3 Depths:4
Abyss: Depths:1 Depths:2 Depths:3
Pandemonium: Depths:2 Depths:3 Depths:4
Ziggurat: Depths:1

Annotations:
D:4 2 transporters, TheBioAlchemist's ghost, amateur SpEn
Swamp:1 Roxanne
Pan Cerebov


Innate Abilities, Weirdness & Mutations

You are an undying horror.
Your melee and unarmed attacks drain, slow and weaken victims.
You are immune to unholy pain and torment.
You cannot drink.
You are flying.
You are immune to sickness and miasma.
You are immune to poison.
Your flesh is very heat resistant. (rF++)
You are vulnerable to cold. (rC-)
You float through the air rather than walking.
You learn spells naturally, not from books.
Your magical power is your life essence.
You have superior vitality. (+4 MHP)
You have a pair of small horns on your head.
You possess an exceptional clarity of mind.
Armour fits poorly on your strangely shaped body.
Your body sometimes deteriorates upon taking damage.
You are strong-willed. (Will+)
You passively map the area around you.
You are extremely robust. (+30% HP)
Your muscles are very strong. (Str +8, Int/Dex -2)
Your spells are a little harder to cast, but a little more powerful.
You have hidden genetic potential.
Your movements are slightly less encumbered by armour. (ER -2)


Message History

Aim: Cerebov (almost dead, fast, not watching you, extremely poisoned, slow, weak, ally target, 84% to hit)
The stone arrow hits Cerebov!!
Cerebov is almost dead.
* * * LOW HITPOINT WARNING * * *
Xom smirks.
You detect items!
Your +0 morningstar of venom hits Cerebov!!
The balrug gestures at you. The pyre arrow hits you.
You are covered in intense liquid fire!
The balrug misses your +0 morningstar of venom.
Your +0 morningstar of venom hits Cerebov.
Unknown command.
You shake off some of the fire as you move.
The liquid fire burns you! The Brimstone Fiend gestures at you.
The sphere of damnation explodes!
The damnation engulfs you!!
* * * LOW HITPOINT WARNING * * *
You hear a shout!
You reach down and close the door.
The liquid fire burns you!
* * * LOW HITPOINT WARNING * * *
Something unseen opens the door.
As you read the scroll of teleportation, it crumbles to dust.
You feel strangely unstable. The liquid fire burns you!
* * * LOW HITPOINT WARNING * * *
Your +0 morningstar of venom hits the balrug!!
A raging storm of fire appears!
The great blast of fire engulfs your +0 morningstar of venom!!
Your +0 morningstar of venom partially resists.
The great blast of fire engulfs the balrug!!
The balrug partially resists.
The great blast of fire engulfs the Brimstone Fiend!!
The Brimstone Fiend partially resists.
The great blast of fire engulfs the balrug!!
The balrug partially resists.
The great blast of fire engulfs you!! You partially resist.
You die...
Xom snickers!

.......# #..# #..# #..# *,,
.......####..####..####..#### ,
..............................
.................§..............*
..≈≈≈≈≈§≈§..≈≈§§§§≈.............
..§#####§§..≈#####≈.............
..§#...#≈§..≈#./$#≈.............
..≈#...#≈..≈≈#)/)#≈≈............
≈≈≈#...#≈≈≈≈##☼☼z##≈≈...........
≈≈###'###≈≈####2####≈≈.§........
####≈)§######§☼(.2###≈≈≈≈.####,
≈§§≈≈.≈§≈§≈#§§☼1.§≈#####≈.# * ,*
.§......§..'.○☼2..&# ∆#§.# *
...........'..)..(.')φ.#§.# *
.§.....§§..'....§§2#.|$#≈.# ,
§§≈§≈§§≈§≈§#≈≈..§≈§#####≈.#
####≈.≈######≈..§§###§§≈≈.####.


You could see a Brimstone Fiend (summoned, distracted), 2 balrugs and a friendly
+0 morningstar of venom.

Vanquished Creatures
  the Royal Jelly (Slime:5)
  Gloorx Vloq (Pan)
  A seraph (Pan)
  2 ancient liches (Crypt:3)
  Mennas (Vaults:3)
  2 juggernauts (Depths:3)
  Bai Suzhen (Swamp:3)
  Geryon (Hell)
  Margery (Depths:3)
  A curse toe (Zot:2)
  7 golden dragons
  Nikola (Elf:1)
  A pearl dragon (Pan)
  A bone dragon (Crypt:3)
  4 Brimstone Fiends
  A pandemonium lord (Pan)
  2 electric golems
  10 tentacled monstrosities
  2 Tzitzimimeh (Pan)
  Jorgrun (Snake:1)
  A walking crystal tome (Depths:3)
  3 Ice Fiends
  4 Hell Sentinels (Pan)
  Mlioglotl (Snake:1)
  3 Orb Guardians (Zot:5)
  A walking divine tome (Depths:3)
  4 liches
  2 deep elf master archers (Elf:3)
  3 titans (Vaults:5)
  Asterion (Snake:1)
  A searing wretch (Depths:3)
  4 deep elf blademasters
  10 death cobs
  2 walking frostbound tomes
  2 ancient champions
  8 sphinxes
  21 Executioners (Pan)
  4 quicksilver dragons
  9 shadow dragons
  19 acid blobs
  Kirke (D:13)
  7 tengu reavers
  A thorn hunter (Swamp:2)
  11 storm dragons
  Aizul (Swamp:1)
  4 draconian monks
  3 revenants
  Donald (Swamp:1)
  A fenstrider witch (Swamp:2)
  A nagaraja (Snake:2)
  2 protean progenitors (Zot:2)
  9 fire giants
  5 draconian knights
  14 azure jellies
  12 daevas (Pan)
  9 demonspawn warmongers (Pan)
  6 frost giants
  15 rockslimes
  25 vault wardens
  An iron dragon (Depths:4)
  3 imperial myrmidons (Desolation)
  7 draconian shifters
  20 balrugs
  5 ghost moths
  4 deep elf sorcerers
  6 draconian scorchers
  6 draconian annihilators
  7 curse skulls
  2 demonspawn corrupters (Pan)
  2 cacodemons (Pan)
  6 draconian stormcallers
  23 reapers
  9 ghouls
  17 angels (Pan)
  23 stone giants
  3 spriggan defenders
  3 orc warlords
  Nessos (Lair:5)
  6 quicksilver oozes
  24 ironbound preservers
  6 caustic shrike skeletons
  7 demonspawn black suns (Pan)
  24 very ugly things
  8 juggernaut skeletons (Pan)
  18 ophanim (Pan)
  2 formless jellyfish (Vaults:1)
  6 deep elf death magi
  13 green draconians
  An elemental wellspring (Hell)
  5 vampire knights
  3 eleionomae
  10 lorocyprocas (Pan)
  9 deep elf demonologists
  11 ironbound thunderhulks
  11 deep elf annihilators
  26 apis (Pan)
  12 yellow draconians
  17 white draconians
  9 red draconians
  3 spark wasps
  9 black draconians
  8 dire elephants
  A halazid warlock (Desolation)
  Azrael (Elf:2)
  8 purple draconians
  2 eidola (Crypt:2)
  6 bunyips
  A wendigo (Hell)
  8 war gargoyles
  Snorg (D:14)
  9 blizzard demons
  12 fire dragons
  4 green deaths
  4 iron golems (Depths:4)
  2 crystal guardians (Desolation)
  10 yaktaur captains
  2 entropy weavers
  12 ettins
  36 vault guards
  10 jiangshi
  4 deep elf high priests (Elf:3)
  20 hydras
  3 ragged hierophants (Desolation)
  The ghost of GoblinFriend the Skirmisher, a journeyman CoHu of Okawaru (D:8)
  8 rakshasas
  3 hell beasts
  2 ogre magi (Vaults:5)
  2 spriggan air magi
  A juggernaut simulacrum (Depths:1)
  2 catoblepae
  4 servants of whispers (Desolation)
  16 peacekeepers
  A fenstrider witch zombie (Crypt:1)
  7 great orbs of eyes
  8 ice dragons
  7 salamander tyrants
  10 ironbound frosthearts
  9 ghost crabs
  5 spriggan skeletons
  3 death knights
  7 two-headed ogres
  49 dancing weapons
  11 alligators
  20 centaur warriors
  13 anacondas
  9 death yaks
  2 alligator snapping turtles (Snake:1)
  6 boulder beetles
  11 demonic crawlers (Pan)
  9 tengu warriors
  4 hell hogs
  A bennu skeleton (Crypt:2)
  A two-headed ogre (shapeshifter) (Snake:4)
  5 deep troll shamans
  A titan zombie (Crypt:2)
  9 deep troll earth magi
  3 occultists
  5 vampire magi
  11 shock serpents
  2 spriggan berserkers
  11 naga sharpshooters
  14 naga warriors
  A holy swine (Pan)
  2 orc high priests (Orc:2)
  14 soul eaters
  9 hell knights
  A storm dragon zombie (Crypt:1)
  3 hellephant skeletons (Pan)
  72 sun demons
  22 deep elf knights
  6 salamander mystics
  27 skeletal warriors
  An iron troll (shapeshifter) (Zot:2)
  A skyshark (Lair:5)
  A titan skeleton (Crypt:3)
  8 sixfirhies
  2 sea snakes (Snake:2)
  16 mana vipers
  2 shadow wraiths
  A shadow demon (Pan)
  An orb spider (D:8)
  13 large abominations
  3 iron trolls
  A bunyip zombie (Hell)
  6 goliath frogs
  3 naga ritualists
  14 cherubim (Pan)
  84 deep trolls
  6 flayed ghosts
  4 spriggan druids (Swamp:3)
  4 glowing orange brains
  5 arcanists
  9 orc knights
  A sun moth (shapeshifter) (Depths:1)
  21 deep elf archers
  8 swamp dragons
  A bunyip skeleton (Crypt:3)
  4 harpies (Vaults:1)
  An elf zombie (Vaults:1)
  3 thermic dynamos (Elf:2)
  An anaconda skeleton (Crypt:3)
  8 phantasmal warriors
  22 ironbound convokers
  A death drake (shapeshifter) (Vaults:5)
  10 bog bodies
  12 necromancers
  5 sun moths (Pan)
  26 deep elf pyromancers
  35 deep elf zephyrmancers
  13 lindwurms
  A wolf spider (Lair:1)
  63 ugly things
  7 cyclopes
  3 will-o-the-wisps (Swamp:4)
  9 orc sorcerers
  15 salamanders
  4 shining eyes (Slime:5)
  A manticore (D:15)
  A stone giant skeleton (Vaults:1)
  18 moths of wrath
  A stone giant zombie (Crypt:1)
  12 elephants
  A water nymph (shapeshifter) (Vaults:4)
  21 guardian serpents
  A centaur zombie (Hell)
  24 vault sentinels
  A formless jellyfish zombie (Crypt:2)
  An ice statue (D:10)
  4 meliai
  3 Executioner simulacra (Pan)
  6 kobold blastminers
  40 black mambas
  A naga zombie (Hell)
  88 slime creatures
  4 torpor snails
  3 eyes of devastation
  A dire elephant zombie (Crypt:2)
  4 titan simulacra
  11 smoke demons
  10 naga magi
  7 hellions
  6 molten gargoyles
  4 gargoyles (Crypt:3)
  8 rust devils
  7 cane toads
  4 orange demons (Pan)
  24 yaktaurs
  A cane toad (shapeshifter) (D:8)
  3 rime drakes
  5 centaur skeletons
  5 efreet
  A kobold demonologist (D:14)
  8 komodo dragons
  An orc skeleton (Crypt:3)
  A bunyip simulacrum (Hell)
  A harpy zombie (Hell)
  3 unseen horrors
  3 guardian mummies (Crypt:3)
  A tormentor (Depths:4)
  2 anaconda simulacra (IceCv)
  A golden dragon simulacrum (IceCv)
  6 ice devils
  6 freezing wraiths
  8 tengu conjurers
  3 red devils (Pan)
  8 trolls
  3 bloated husks
  3 hellwings (Pan)
  Grinder (D:3)
  5 tyrant leeches
  5 polar bears
  A queen bee (D:14)
  A shadow dragon simulacrum (Hell)
  An alligator simulacrum (IceCv)
  43 saltlings
  A tarantella (shapeshifter) (Vaults:5)
  2 ettin zombies (Hell)
  19 hornets
  2 snapping turtles (Snake:1)
  21 blink frogs
  10 dream sheep
  A human simulacrum (Vaults:1)
  5 shadows
  Sigmund (D:3)
  A stone giant simulacrum (Depths:1)
  3 air elementals
  3 black mamba zombies
  A jumping spider (Lair:1)
  8 water elementals
  2 vampires
  28 spriggans
  2 spriggans (shapeshifter)
  An ettin skeleton (Crypt:3)
  15 wraiths
  8 wyverns
  2 dire elephant simulacra (IceCv)
  11 ynoxinuls (Pan)
  40 yaks
  A hog (D:13)
  A basilisk (D:12)
  2 fire bats (Swamp:4)
  2 fire dragon skeletons (Crypt:3)
  3 golden eyes (Slime:5)
  6 fire elementals
  3 neqoxecs (Pan)
  A warg (Orc:1)
  A basilisk (shapeshifter) (D:14)
  A wyvern (shapeshifter) (Elf:1)
  2 redbacks
  18 vampire mosquitoes
  Menkaure (D:4)
  A redback (shapeshifter) (D:15)
  A harpy simulacrum (Hell)
  2 skyshark zombies (Crypt:2)
  9 chaos spawn
  27 nagas
  17 swamp worms
  A hydra simulacrum (IceCv)
  An acid dragon (D:12)
  15 water moccasins
  A glowing shapeshifter zombie (Depths:1)
  7 hell hounds
  3 nameless horrors (WizLab)
  Pargi (Sewer)
  5 black bears (Lair:5)
  A hornet zombie (Swamp:3)
  36 orc warriors
  2 sky beasts (D:7)
  10 swamp drakes
  A black mamba simulacrum (Crypt:1)
  2 blink frog zombies (Lair:4)
  52 laughing skulls
  9 ogres
  17 wolves
  3 boggarts (Lair:5)
  A lemure (D:6)
  13 centaurs
  A snapping turtle skeleton (Crypt:2)
  A phantom (D:7)
  A brain worm (Sewer)
  Blork the orc (D:5)
  2 earth elementals (Elf:1)
  3 kobold brigands
  A human zombie (Vaults:1)
  14 bullfrogs
  A gnoll sergeant (D:12)
  8 small abominations (Depths:3)
  A demonspawn simulacrum (Hell)
  9 killer bees
  2 spriggan zombies
  4 yak zombies
  A lindwurm simulacrum (IceCv)
  5 howler monkeys
  A wolf zombie (Lair:4)
  6 electric eels
  3 lava snakes (Lair:1)
  21 orc priests
  A jelly (Sewer)
  Crazy Yiuf (D:4)
  A basilisk zombie (Crypt:1)
  A sleepcap (D:7)
  2 gnoll boudas (D:9)
  Natasha (thrice) (D:3)
  2 iguanas
  23 orc wizards
  A scorpion zombie (D:14)
  8 hell rats
  A killer bee zombie (Crypt:1)
  An acid dragon zombie (Crypt:1)
  An ogre zombie (Orc:2)
  A hound zombie (D:14)
  8 mummies (Crypt:3)
  15 gnolls
  4 orc zombies
  7 adders
  11 river rats (Lair:2)
  A shadow imp (D:5)
  2 white imps
  4 ufetubi
  A lava snake skeleton (Crypt:1)
  3 dart slugs
  103 orcs
  6 ball pythons
  4 endoplasms
  2 giant cockroaches
  7 goblins
  6 hobgoblins
  16 kobolds
  5 quokkas
  A ball python skeleton (Crypt:2)
  3 bats
  4 frilled lizards
  A frilled lizard skeleton (Crypt:1)
  A frilled lizard zombie (Crypt:2)
  7 rats
  5 fire vortices (Pan)
3008 creatures vanquished.

Vanquished Creatures (collateral kills)
  Ignacio (Pan)
  An ancient lich (Crypt:3)
  A juggernaut (Depths:3)
  Saint Roka (Orc:2)
  A Hell Sentinel (Pan)
  A pandemonium lord (Pan)
  A rockslime (Slime:5)
  An azure jelly (Slime:5)
  A frost giant (Vaults:5)
  A balrug (Pan)
  2 stone giants (Depths:1)
  6 very ugly things (Depths:1)
  A vampire knight (Depths:3)
  A deep elf death mage (Depths:3)
  A bunyip (Swamp:4)
  A red draconian (Depths:4)
  2 ettins (Depths:1)
  A blizzard demon (Depths:3)
  2 fire dragons
  An entropy weaver (Snake:2)
  Josephine (Orc:2)
  3 rakshasas (WizLab)
  An ogre mage (D:13)
  A hell beast (Pan)
  2 vault guards
  An alligator (Swamp:4)
  3 hydras
  A catoblepas (Lair:4)
  A centaur warrior (D:14)
  2 death yaks (Lair:1)
  An ironbound frostheart (Vaults:1)
  Urug (Lair:5)
  2 demonic crawlers (Pan)
  2 sun demons (Pan)
  An iron giant zombie (Crypt:3)
  4 skeletal warriors (Crypt:3)
  5 deep trolls
  A glowing orange brain (Lair:2)
  A shadow demon (Pan)
  2 swamp dragons (Swamp:4)
  A bog body (Swamp:1)
  2 deep elf archers
  An ironbound convoker (Vaults:1)
  A deep elf pyromancer (D:12)
  A phantasmal warrior (Depths:3)
  2 orc knights
  2 elephants (Lair:4)
  A salamander (Snake:1)
  2 black mambas (Snake:1)
  2 meliai
  A centaur zombie (Crypt:3)
  A torpor snail (Lair:4)
  A cane toad (Lair:1)
  A dancing weapon (WizLab)
  A rime drake (Lair:1)
  A freezing wraith (D:14)
  A hellwing (Pan)
  A tyrant leech (Swamp:4)
  A hornet (Lair:5)
  3 blink frogs
  A raiju (shapeshifter) (D:13)
  A wraith (D:14)
  A ynoxinul (Pan)
  3 spriggans (Lair:5)
  2 slime creatures (D:13)
  10 yaks
  A nameless horror (Crypt:3)
  2 fire bats (Swamp:4)
  A vampire mosquito (Swamp:3)
  A spriggan simulacrum (Depths:1)
  2 swamp worms
  A naga (Snake:1)
  An orc warrior (Orc:2)
  A laughing skull (D:14)
  2 swamp drakes (Swamp:4)
  10 wolves
  2 ogres
  2 bullfrogs
  2 killer bees (D:9)
  2 electric eels
  A hound (D:5)
  An iguana (D:6)
  2 orc wizards (D:9)
  A hell rat (Lair:2)
  A hound zombie (D:14)
  Robin (D:4)
  An orc (D:9)
  2 giant cockroaches (D:6)
  5 goblins (D:4)
  A hobgoblin (D:4)
  4 quokkas (D:6)
  A spectral weapon (Snake:1)
160 creatures vanquished.

Vanquished Creatures (others)
  An Orb Guardian (Zot:5)
  3 walking frostbound tomes (Pan)
  A draconian knight (Zot:2)
  A balrug (Pan)
  A vampire knight (Depths:3)
  A yellow draconian (Zot:4)
  6 very ugly thing zombies (Depths:1)
  A two-headed ogre (D:13)
  A dancing weapon (Pan)
  5 ugly thing zombies
  2 deep elf zephyrmancers
  2 alligator zombies (Swamp:4)
  A will-o-the-wisp (Swamp:4)
  A frost giant zombie (Vaults:5)
  3 stone giant zombies
  A centaur zombie (D:14)
  A dire elephant zombie (Vaults:1)
  A swamp worm zombie (Swamp:3)
  An unseen horror (D:8)
  An anaconda simulacrum (Hell)
  3 hydra zombies
  2 ettin zombies
  A black mamba zombie (Lair:5)
  A spriggan (shapeshifter) (D:15)
  2 ynoxinuls (Pan)
  3 yaks
  A neqoxec (Pan)
  3 elf zombies
  A two-headed ogre zombie (D:8)
  4 deep troll zombies (Depths:1)
  2 cane toad zombies
  2 swamp drakes (Swamp:4)
  3 hornet zombies
  2 swamp dragon zombies (Swamp:4)
  2 lindwurm zombies (Swamp:4)
  2 naga zombies (Snake:1)
  7 elephant zombies
  5 blink frog zombies
  A komodo dragon zombie (Lair:5)
  7 human zombies
  2 kobold zombies (Orc:2)
  A troll zombie (Orc:2)
  A polar bear zombie (Lair:5)
  7 spriggan zombies
  A killer bee (D:9)
  15 yak zombies
  6 wolf zombies
  An electric eel (D:9)
  A bullfrog zombie (Lair:2)
  A black bear zombie (Lair:5)
  A boggart zombie (Lair:5)
  3 killer bee zombies (D:9)
  2 ogre zombies
  2 swamp drake zombies (Swamp:4)
  15 orc zombies
  6 river rat zombies (Lair:2)
  7 fire vortices (Pan)
  20 foxfires (Swamp:4)
181 creatures vanquished.

Grand Total: 3349 creatures vanquished

Notes
Turn   | Place    | Note
-------+----------+-------------------------------------------
     0 | D:1      | Xavori the Djinni Chaos Knight began the quest for the Orb.
     0 | D:1      | Reached XP level 1. HP: 20/20 MP: 0/0
     1 | D:1      | Found a shadowy altar of Dithmenos.
   152 | D:1      | Reached XP level 2. HP: 24/25 MP: 0/0
   411 | D:1      | XOM: give mutations
   411 | D:1      | Gained mutation: You are weak. (Str -2) [Xom's mischief]
   411 | D:1      | Gained mutation: You are frail. (-10% HP) [Xom's mischief]
   411 | D:1      | Gained mutation: Potions are less effective at restoring
                  | your health. [Xom's mischief]
   554 | D:1      | Reached XP level 3. HP: 27/27 MP: 0/0
   554 | D:1      | Learned a level 1 spell: Shock
   632 | D:1      | XOM: give mutations
   632 | D:1      | Gained mutation: You expend health (3 HP) to strengthen
                  | your wands. [Xom's grace]
   632 | D:1      | Gained mutation: You possess an exceptional clarity of
                  | mind. [Xom's grace]
   632 | D:1      | Gained mutation: Your spells are a little harder to cast,
                  | but a little more powerful. [Xom's grace]
   971 | D:1      | XOM: give mutation
   971 | D:1      | Gained mutation: You have a pair of small horns on your
                  | head. [Xom's grace]
  1024 | D:1      | XOM: give mutations
  1024 | D:1      | Gained mutation: You passively map a small area around you.
                  | [Xom's grace]
  1024 | D:1      | Gained mutation: Your spells are harder to cast, but more
                  | powerful. [Xom's grace]
  1024 | D:1      | Lost mutation: You are weak. (Str -2) [Xom's grace]
  1527 | D:1      | XOM: noise
  2472 | D:1      | XOM: divination: detect creatures
  3037 | D:1      | XOM: summons 2 hostile demons
  3154 | D:2      | XOM: summons 1 hostile demon
  3155 | D:2      | Noticed an ice devil
  3971 | D:1      | XOM: stat loss: -1 Int (12/13)
  4124 | D:1      | XOM: noise
  4205 | D:1      | XOM is BORED!
  4339 | D:1      | XOM: noise
  4599 | D:1      | XOM: give mutations
  4599 | D:1      | Lost mutation: You possess an exceptional clarity of mind.
                  | [Xom's mischief]
  4599 | D:1      | Lost mutation: You are frail. (-10% HP) [Xom's mischief]
  4599 | D:1      | Gained mutation: Your mind is acute. (Int +4, Str/Dex -1)
                  | [Xom's mischief]
  5007 | D:1      | XOM: give mutations
  5007 | D:1      | Gained mutation: You are partially covered in large bone
                  | plates. (SH +4) [Xom's grace]
  5007 | D:1      | Gained mutation: Your flesh is almost immune to the effects
                  | of heat. (rF+++) [Xom's grace]
  5007 | D:1      | Gained mutation: You are robust. (+10% HP) [Xom's grace]
  5126 | D:2      | Reached skill level 1 in Spellcasting
  5126 | D:2      | Reached skill level 1 in Conjurations
  5126 | D:2      | Reached skill level 1 in Hexes
  5126 | D:2      | Reached skill level 1 in Summonings
  5126 | D:2      | Reached skill level 1 in Necromancy
  5126 | D:2      | Reached skill level 1 in Translocations
  5126 | D:2      | Reached skill level 1 in Fire Magic
  5126 | D:2      | Reached skill level 1 in Ice Magic
  5126 | D:2      | Reached skill level 1 in Air Magic
  5126 | D:2      | Reached skill level 1 in Earth Magic
  5126 | D:2      | Reached skill level 1 in Alchemy
  5360 | D:1      | XOM: scenery: create altars
  5488 | D:1      | XOM: divination: detect items
  5809 | D:1      | XOM: give mutations
  5809 | D:1      | Gained mutation: You are resistant to electric shocks.
                  | (rElec) [Xom's grace]
  5809 | D:1      | Gained mutation: You are partially covered in iridescent
                  | scales. (AC +2) [Xom's grace]
  6124 | D:2      | XOM: scenery: summon butterflies
  6615 | D:2      | XOM: scenery: create altars
  6623 | D:3      | Noticed Sigmund
  6627 | D:3      | Killed Sigmund
  6628 | D:3      | Reached XP level 4. HP: 39/39 MP: 0/0
  6628 | D:3      | Reached XP level 5. HP: 44/44 MP: 0/0
  6628 | D:3      | Learned a level 2 spell: Static Discharge
  6628 | D:3      | Reached XP level 6. HP: 50/50 MP: 0/0
  6759 | D:3      | Noticed Grinder
  6783 | D:3      | XOM: summons friendly iron imp
  7203 | D:3      | Noticed Natasha
  7212 | D:3      | XOM: divination: magic mapping
  7214 | D:3      | Killed Natasha
  7305 | D:3      | Reached skill level 1 in Evocations
  7436 | D:3      | Noticed Natasha
  7445 | D:3      | Killed Natasha
  7501 | D:3      | XOM: give mutation
  7501 | D:3      | Gained mutation: You have hidden genetic potential. [Xom's
                  | grace]
  7508 | D:3      | Paralysed by Grinder for 3 turns
  7515 | D:3      | XOM: confuse monster(s)
  7518 | D:3      | XOM: divination: magic mapping
  7520 | D:3      | Noticed Natasha
  7525 | D:3      | Paralysed by Grinder for 3 turns
  7537 | D:3      | Killed Natasha
  7540 | D:3      | XOM: potion effect (might)
  7560 | D:3      | Killed Grinder
  7561 | D:3      | Reached skill level 1 in Shields
  7561 | D:3      | Reached XP level 7. HP: 38/57 MP: 0/0
  7561 | D:3      | Learned a level 3 spell: Ozocubu's Armour
  7574 | D:3      | Gained mutation: Your mind is very acute. (Int +8, Str/Dex
                  | -2) [hidden potential]
  7727 | D:4      | XOM: confuse monster(s)
  7861 | D:4      | Found a staircase to the Ecumenical Temple.
  7871 | D:4      | Found Ginonkef's Jewellery Emporium.
  7881 | D:4      | XOM: 1-stop teleportation journey
  8028 | D:4      | XOM: noise
  8177 | D:4      | Found a shimmering altar of Xom.
  8235 | D:4      | XOM: god gift: 46 gold pieces
  8267 | D:4      | Reached XP level 8. HP: 59/63 MP: 0/0
  8270 | D:4      | XOM: summons 4 hostile demons
  8500 | D:4      | Found a transporter.
  8501 | D:4      | Noticed TheBioAlchemist's ghost (amateur SpEn)
  8520 | D:4      | Found a transporter.
  8599 | D:4      | Noticed Menkaure
  8599 | D:4      | XOM: summons 8 friendly demons
  8607 | D:4      | Killed Menkaure
  8607 | D:4      | Noticed Robin
  8618 | D:4      | Killed Robin
  8632 | D:4      | Gained mutation: Your muscles are strong. (Str +4, Int/Dex
                  | -1) [hidden potential]
  8632 | D:4      | Lost mutation: You have hidden genetic potential. [hidden
                  | potential expressed]
  8639 | D:4      | XOM: noise
  8819 | D:4      | Found a runed translucent door.
  8820 | D:4      | Noticed Crazy Yiuf
  8916 | D:4      | Killed Crazy Yiuf
  9029 | D:5      | Entered Level 5 of the Dungeon
  9042 | D:5      | XOM: divination: magic mapping
  9068 | D:5      | Found Rahaboull's Weapon Shop.
  9273 | D:5      | Noticed Blork the orc
  9288 | D:5      | Killed Blork the orc
  9346 | D:5      | XOM: summons 8 friendly demons
  9437 | D:5      | XOM: polymorph steam dragon -> rat
  9475 | D:5      | Found Lit Werra's Distillery.
  9482 | D:5      | Bought a potion of degeneration for 15 gold pieces
  9482 | D:5      | Bought a potion of curing for 45 gold pieces
  9482 | D:5      | Bought a potion of heal wounds for 75 gold pieces
  9482 | D:5      | Bought a potion of mutation for 120 gold pieces
  9600 | D:5      | Found Epariejo's Distillery.
  9626 | D:5      | Found Cuebinirr's Book Emporium.
  9651 | D:5      | Found a glowing golden altar of the Shining One.
  9937 | D:6      | XOM: confusion (+ monsters)
  9986 | D:6      | Found a glowing drain.
 10000 | Sewer    | XOM: stealth player
 10000 | Sewer    | Entered a sewer
 10078 | Sewer    | Noticed Pargi
 10085 | Sewer    | Reached XP level 9. HP: 54/69 MP: 0/0
 10085 | Sewer    | Learned a level 3 spell: Stone Arrow
 10091 | Sewer    | Killed Pargi
 10280 | D:6      | XOM: god gift: fizzy dark potion {god gift}
 10365 | D:6      | Identified the +0 chain mail of the Dwarven Hall {rElec
                  | rPois Int+4 Dex+3}
 10407 | D:6      | Noticed Pikel
 10415 | D:6      | Pikel changed into Pikel the howler monkey
 10415 | D:6      | Noticed Pikel
 10415 | D:6      | XOM: polymorph Pikel -> Pikel the howler monkey
 10430 | D:6      | Killed Pikel the howler monkey
 10455 | D:6      | XOM: divination: detect items
 10459 | D:6      | XOM: potion effect (might)
 10472 | D:6      | XOM: noise
 10674 | D:6      | Reached skill level 5 in Fighting
 10816 | D:7      | Reached skill level 5 in Dodging
 10873 | D:7      | Identified the +7 dagger of the Snake Pit {speed, rPois
                  | Str+4}
 10881 | D:7      | XOM: silly message
 10985 | D:7      | XOM: divination: detect creatures
 11005 | D:7      | XOM: silly message
 11026 | D:7      | Found a flagged portal.
 11027 | D:7      | XOM: divination: magic mapping
 11034 | Bailey   | Entered a bailey
 11060 | Bailey   | Reached skill level 5 in Evocations
 11089 | Bailey   | XOM: scenery: 2 doors close
 11150 | Bailey   | XOM: scenery: summon butterflies
 11244 | Bailey   | XOM: summons 8 friendly demons
 11247 | Bailey   | Reached XP level 10. HP: 54/77 MP: 0/0
 11249 | Bailey   | Noticed an orc knight
 11256 | Bailey   | Killed an orc knight
 11257 | Bailey   | Reached skill level 5 in Long Blades
 11257 | Bailey   | Reached skill level 5 in Shields
 11280 | Bailey   | Found a large runed translucent door.
 11280 | Bailey   | Found a large runed translucent door.
 11281 | Bailey   | Noticed a deep elf pyromancer
 11418 | Bailey   | XOM: divination: magic mapping
 11426 | Bailey   | Killed a deep elf pyromancer
 11473 | Bailey   | Identified the +5 chain mail of Ashenzari's Fury {Rampage
                  | Slay+2}
 11496 | Bailey   | Identified the +0 ring mail "Waquv" {Will+ SInv}
 11650 | D:7      | XOM: god gift: wand of polymorph (5)
 11748 | D:7      | Found a faded altar of an unknown god.
 11748 | D:7      | Found the Hermit's Pendant {Faith Invo=14 Evo=0 MP+5}
 11749 | D:7      | Noticed a brown ugly thing
 11759 | D:7      | Killed a brown ugly thing
 11760 | D:7      | Reached skill level 5 in Armour
 11891 | D:7      | Found a sacrificial altar of Ru.
 12170 | D:8      | Noticed a ten-headed hydra
 12170 | D:8      | Noticed a ten-headed hydra
 12170 | D:8      | Noticed GoblinFriend's ghost (journeyman CoHu)
 12170 | D:8      | Found a runed translucent gate.
 12170 | D:8      | Found a runed translucent gate.
 12170 | D:8      | Found a runed translucent gate.
 12215 | D:8      | Found an opulent altar of Gozag.
 12290 | D:8      | Noticed a two-headed ogre
 12293 | D:8      | XOM: enchant monster (bad)
 12297 | D:8      | Killed a two-headed ogre
 12298 | D:8      | Reached skill level 5 in Spellcasting
 12298 | D:8      | Reached skill level 5 in Conjurations
 12298 | D:8      | Reached skill level 5 in Hexes
 12298 | D:8      | Reached skill level 5 in Summonings
 12298 | D:8      | Reached skill level 5 in Necromancy
 12298 | D:8      | Reached skill level 5 in Translocations
 12298 | D:8      | Reached skill level 5 in Fire Magic
 12298 | D:8      | Reached skill level 5 in Ice Magic
 12298 | D:8      | Reached skill level 5 in Air Magic
 12298 | D:8      | Reached skill level 5 in Earth Magic
 12298 | D:8      | Reached skill level 5 in Alchemy
 12349 | D:8      | Noticed a cyclops
 12349 | D:8      | Noticed a cyan ugly thing
 12349 | D:8      | Noticed a centaur warrior
 12351 | D:8      | Noticed a centaur warrior
 12353 | D:8      | Noticed a four-headed hydra
 12353 | D:8      | Killed a cyclops
 12353 | D:8      | XOM: chaos upgrade
 12354 | D:8      | Reached XP level 11. HP: 75/83 MP: 0/0
 12354 | D:8      | Learned a level 4 spell: Animate Dead
 12363 | D:8      | Killed a cyan ugly thing
 12376 | D:8      | XOM: destruction
 12377 | D:8      | XOM: divination: detect creatures
 12381 | D:8      | XOM: cleaving
 12387 | D:8      | XOM: 1-stop teleportation journey
 12468 | D:8      | Found a hazy altar of Hepliaklqana.
 12549 | D:8      | Noticed a two-headed ogre
 12554 | D:8      | XOM: cast spell 'Disjunction'
 12565 | D:8      | XOM: summons friendly shadow imp
 12599 | D:8      | Killed a centaur warrior
 12677 | D:8      | XOM: confusion (+ monsters)
 12679 | D:8      | XOM: 1-stop teleportation journey
 12763 | D:8      | XOM: torment (44/85 hp)
 12777 | D:8      | XOM: divine lightning
 12877 | D:8      | XOM: silly message
 12907 | D:8      | a troll changed into an orb spider
 12907 | D:8      | Noticed an orb spider
 12907 | D:8      | XOM: polymorph troll -> orb spider
 12909 | D:8      | Killed an orb spider
 12994 | D:8      | Identified the +7 long sword of Calamity {speed, rN++}
 12994 | D:8      | Identified the +1 ring mail of the Old World {Int+5}
 13027 | D:8      | Killed a four-headed hydra
 13032 | D:8      | Killed a centaur warrior
 13221 | D:8      | XOM: summons 3 hostile demons
 13262 | D:8      | XOM: give mutations
 13262 | D:8      | Lost mutation: You expend health (3 HP) to strengthen your
                  | wands. [Xom's mischief]
 13262 | D:8      | Lost mutation: Your mind is very acute. (Int +8, Str/Dex
                  | -2) [Xom's mischief]
 13262 | D:8      | Lost mutation: Your muscles are strong. (Str +4, Int/Dex
                  | -1) [Xom's mischief]
 13262 | D:8      | Lost mutation: You passively map a small area around you.
                  | [Xom's mischief]
 13290 | D:8      | XOM: cloud trail
 13394 | D:8      | XOM: silly message
 13394 | D:8      | XOM: smoke on damage
 13402 | D:8      | Killed a two-headed ogre
 13512 | D:8      | XOM: potion effect (experience)
 13512 | D:8      | Reached XP level 12. HP: 93/93 MP: 0/0
 13513 | D:8      | XOM: cast spell 'Leda's Liquefaction'
 13548 | D:8      | Killed a ten-headed hydra
 13549 | D:8      | Reached XP level 13. HP: 81/99 MP: 0/0
 13549 | D:8      | Learned a level 5 spell: Freezing Cloud
 13552 | D:8      | Killed a ten-headed hydra
 13563 | D:8      | Killed GoblinFriend's ghost
 13631 | D:8      | Identified the +1 war axe of Superiority {distort, ^Fragile
                  | Will+ rCorr}
 13794 | D:9      | XOM: confuse monster(s)
 13838 | D:9      | XOM: confuse monster(s)
 14066 | D:9      | XOM: enchant monster (bad)
 14241 | D:9      | Found a burning altar of Makhleb.
 14241 | D:9      | Found a faded altar of an unknown god.
 14250 | D:9      | Found a faded altar of an unknown god.
 14252 | D:9      | Found a blossoming altar of Fedhas.
 14307 | D:9      | XOM: cloud trail
 14344 | D:9      | XOM: confusion (+ monsters)
 14432 | D:9      | XOM: give mutations
 14432 | D:9      | Gained mutation: You have a pair of horns on your head.
                  | [Xom's grace]
 14432 | D:9      | Gained mutation: You have a pair of large horns on your
                  | head. [Xom's grace]
 14432 | D:9      | Gained mutation: You are very robust. (+20% HP) [Xom's
                  | grace]
 14556 | D:9      | XOM: god gift: staff of conjuration
 14558 | D:10     | Entered Level 10 of the Dungeon
 14664 | D:10     | XOM: enchant monster (good)
 14705 | D:10     | XOM: summons 1 hostile shadow creature
 14758 | D:10     | XOM: scenery: create altars
 14834 | D:10     | XOM: summons 1 hostile demon
 14892 | D:10     | XOM: cast spell 'Iskenderun's Battlesphere'
 14932 | D:10     | XOM: confuse monster(s)
 14940 | D:10     | XOM: scenery: create altars
 14969 | D:10     | Found a broken altar of Ashenzari.
 14978 | D:10     | Identified the +7 halberd "Sirchuys" {drain, rPois Str-5
                  | Int+6}
 15084 | D:10     | XOM: cleaving
 15092 | D:10     | Reached skill level 10 in Evocations
 15150 | D:10     | XOM: scenery: create altars
 15392 | D:11     | XOM: noise
 15435 | D:11     | Found an iron altar of Okawaru.
 16121 | D:11     | Found a staircase to the Lair.
 16265 | D:11     | XOM: cast spell 'Iskenderun's Battlesphere'
 16394 | D:11     | Found a staircase to the Orcish Mines.
 16437 | D:11     | XOM: summons friendly crimson imp
 16448 | D:11     | XOM: scenery: summon butterflies
 16496 | D:10     | XOM: smoke on damage
 16889 | D:11     | XOM: summons 4 hostile demons
 16954 | Lair:1   | Entered Level 1 of the Lair of Beasts
 16957 | Lair:1   | XOM: 1-stop teleportation journey
 16964 | Lair:1   | XOM: god gift: 18 gold pieces
 16965 | Lair:1   | XOM: smoke on damage
 17171 | Lair:1   | XOM: confuse monster(s)
 17180 | Lair:1   | XOM: noise
 17181 | Lair:1   | Reached XP level 14. HP: 101/117 MP: 0/0
 17244 | Lair:1   | Found a runed translucent door.
 17326 | Lair:1   | XOM: enchant monster (bad)
 17594 | Lair:1   | XOM: give mutations
 17594 | Lair:1   | Lost mutation: Your mind is acute. (Int +4, Str/Dex -1)
                  | [Xom's mischief]
 17594 | Lair:1   | Lost mutation: Your flesh is almost immune to the effects
                  | of heat. (rF+++) [Xom's mischief]
 17594 | Lair:1   | Lost mutation: You are partially covered in large bone
                  | plates. (SH +4) [Xom's mischief]
 17604 | Lair:1   | XOM: give mutations
 17604 | Lair:1   | Gained mutation: Your body sometimes deteriorates upon
                  | taking damage. [Xom's mischief]
 17604 | Lair:1   | Lost mutation: You are resistant to electric shocks.
                  | (rElec) [Xom's mischief]
 17799 | Lair:1   | Identified the +0 hat of Ru's Outrage {rCorr}
 17833 | Lair:1   | Found a runed translucent gate.
 17833 | Lair:1   | Found a runed translucent gate.
 17833 | Lair:1   | Found a runed translucent gate.
 17833 | Lair:1   | Found a runed translucent gate.
 17834 | Lair:1   | Found a runed translucent gate.
 17835 | Lair:1   | Found a runed translucent gate.
 17837 | Lair:1   | Found the amulet of the Air {Inacc Air Fly rElec RMsl}
 17854 | Lair:1   | XOM: divine lightning
 17855 | Lair:1   | XOM: destruction
 17866 | Lair:1   | XOM: blink monster(s)
 18106 | Lair:2   | Found a staircase to the Swamp.
 18239 | Lair:2   | XOM: blink monster(s)
 18400 | Lair:2   | Found a staircase to the Snake Pit.
 18447 | Lair:2   | XOM: torment (72/118 hp)
 18518 | Lair:2   | XOM: polymorph cane toad -> glowing orange brain
 18586 | Lair:2   | Identified the +6 flail "Quplau" {freeze, Fly rElec rF+}
 18681 | Lair:2   | XOM: give mutations
 18681 | Lair:2   | Lost mutation: Your body sometimes deteriorates upon taking
                  | damage. [Xom's mischief]
 18681 | Lair:2   | Lost mutation: You are partially covered in iridescent
                  | scales. (AC +2) [Xom's mischief]
 18686 | Lair:2   | Noticed a dire elephant
 18709 | Lair:2   | Found a runed translucent door.
 18712 | Lair:2   | XOM: give mutation
 18712 | Lair:2   | Gained mutation: Your flesh is almost immune to the effects
                  | of heat. (rF+++) [Xom's mischief]
 18846 | Lair:2   | XOM: summons 7 hostile demons
 19028 | Lair:2   | XOM: swap monsters
 19045 | Lair:2   | Killed a dire elephant
 19188 | Lair:2   | Identified the staff of Uncomfortable Rashes {rF- Dex+8
                  | Stlth+ Conj Tloc}
 19311 | Lair:3   | XOM: 5-stop teleportation journey
 19505 | Lair:3   | Found a transporter.
 19659 | Lair:3   | Found a transporter.
 19672 | Lair:3   | XOM: god gift: 34 gold pieces
 20059 | Lair:4   | XOM: cast spell 'Cause Fear'
 20071 | Lair:4   | XOM: confuse monster(s)
 20134 | Lair:4   | XOM: silly message
 20190 | Lair:4   | XOM: summons 2 hostile shadow creatures
 20195 | Lair:4   | XOM: swap monsters
 20204 | Lair:4   | XOM: enchant monster (bad)
 20300 | Lair:4   | Reached skill level 5 in Shapeshifting
 20320 | Lair:4   | Reached XP level 15. HP: 105/126 MP: 0/0
 20320 | Lair:4   | Learned a level 6 spell: Sculpt Simulacrum
 20330 | Lair:4   | XOM: enchant monster (bad)
 20336 | Lair:4   | XOM: 1-stop teleportation journey
 20351 | Lair:4   | XOM: scenery: summon butterflies
 20356 | Lair:4   | XOM: summons friendly crimson imp
 20431 | Lair:4   | XOM: summons friendly crimson imp
 20444 | Lair:4   | XOM: divination: detect items
 20594 | Lair:4   | Reached skill level 10 in Dodging
 20698 | Lair:4   | Found a staircase to the Slime Pits.
 20802 | Lair:4   | XOM: 3-stop teleportation journey
 20969 | Lair:4   | XOM: enchant monster (bad)
 20973 | Lair:4   | XOM: summons friendly white imp
 20977 | Lair:4   | Reached skill level 10 in Spellcasting
 20977 | Lair:4   | Reached skill level 10 in Conjurations
 20977 | Lair:4   | Reached skill level 10 in Hexes
 20977 | Lair:4   | Reached skill level 10 in Summonings
 20977 | Lair:4   | Reached skill level 10 in Necromancy
 20977 | Lair:4   | Reached skill level 10 in Translocations
 20977 | Lair:4   | Reached skill level 10 in Fire Magic
 20977 | Lair:4   | Reached skill level 10 in Ice Magic
 20977 | Lair:4   | Reached skill level 10 in Air Magic
 20977 | Lair:4   | Reached skill level 10 in Earth Magic
 20977 | Lair:4   | Reached skill level 10 in Alchemy
 21128 | Lair:4   | Found a snail-covered altar of Cheibriados.
 21262 | Lair:4   | XOM: divination: detect items
 21483 | Lair:4   | XOM: god gift: scroll of summoning
 21515 | Lair:5   | Entered Level 5 of the Lair of Beasts
 21572 | Lair:5   | XOM: cast spell 'Fugue of the Fallen'
 21658 | Lair:5   | XOM: scenery: summon butterflies
 21659 | Lair:5   | XOM: 2-stop teleportation journey
 21830 | Lair:5   | Noticed Nessos
 21850 | Lair:5   | Killed Nessos
 21930 | Lair:5   | Reached skill level 10 in Fighting
 21988 | Lair:5   | XOM: cleaving
 22048 | Lair:5   | XOM: confuse monster(s)
 22079 | Lair:5   | XOM: give mutations
 22079 | Lair:5   | Gained mutation: You passively map a small area around you.
                  | [Xom's mischief]
 22079 | Lair:5   | Lost mutation: You passively map a small area around you.
                  | [Xom's mischief]
 22184 | Lair:5   | Noticed Urug
 22188 | Lair:5   | Reached XP level 16. HP: 127/135 MP: 0/0
 22194 | Lair:5   | Killed Urug
 22245 | Lair:5   | XOM: silly message
 22366 | Lair:5   | Identified the +4 scale mail of the Hippogriff {Str+3
                  | Dex+5}
 22710 | Lair:5   | XOM: divination: detect creatures
 22921 | Lair:5   | XOM: cloud trail
 23162 | Orc:1    | Entered Level 1 of the Orcish Mines
 23352 | Orc:2    | Entered Level 2 of the Orcish Mines
 23358 | Orc:2    | Found a staircase to the Elven Halls.
 23395 | Orc:2    | Found a roughly hewn altar of Beogh.
 23579 | Orc:2    | XOM: cloud trail
 23689 | Orc:2    | Noticed Saint Roka
 23695 | Orc:2    | XOM: divination: detect items
 23703 | Orc:2    | XOM: enchant monster (bad)
 23738 | Orc:2    | XOM: divination: magic mapping
 23948 | Orc:1    | XOM: 2-stop teleportation journey
 24079 | Orc:2    | XOM: summons friendly crimson imp
 24166 | Orc:2    | XOM: cloud trail
 24321 | Orc:2    | Found a roughly hewn altar of Beogh.
 24467 | Orc:2    | XOM: silly message
 24497 | Orc:2    | Noticed Josephine
 24504 | Orc:2    | XOM: 2-stop teleportation journey
 24516 | Orc:2    | XOM: swap monsters
 24519 | Orc:2    | XOM: blink monster(s)
 24543 | Orc:2    | Found a roughly hewn altar of Beogh.
 24578 | Orc:2    | Found a roughly hewn altar of Beogh.
 24594 | Orc:2    | Found a roughly hewn altar of Beogh.
 24683 | Orc:2    | Found a roughly hewn altar of Beogh.
 24708 | Orc:2    | Found Lamiynwoph's Assorted Antiques.
 24765 | Orc:2    | XOM: silly message
 24780 | Orc:2    | Found a roughly hewn altar of Beogh.
 24783 | Orc:2    | XOM: polymorph orc warrior -> hornet
 24803 | Orc:2    | XOM: silly message
 24817 | Orc:2    | Found Xisidelips's Book Shoppe.
 24943 | Orc:2    | XOM: enchant monster (bad)
 24983 | Orc:2    | XOM: blink monster(s)
 24992 | Orc:2    | XOM: cleaving
 25041 | Orc:2    | XOM: summons 4 hostile shadow creatures
 25269 | Orc:2    | XOM: torment (55/136 hp)
 25441 | Orc:2    | XOM: cloud trail
 25459 | Orc:2    | Killed Josephine
 25533 | Orc:2    | Found Caheuf's Antique Armour Shop.
 25534 | Orc:2    | Found a roughly hewn altar of Beogh.
 25535 | Orc:2    | Found Tacwist's Antique Weapon Boutique.
 25600 | Orc:2    | XOM: scenery: create altars
 26134 | D:12     | Reached skill level 1 in Polearms
 26516 | D:12     | XOM: scenery: create altars
 26616 | D:12     | XOM is BORED!
 26699 | D:12     | Found Sitwin's General Store.
 26742 | D:12     | XOM: draining
 26875 | D:12     | Identified the amulet "Ullet" {Acrobat Int+3 Dex+3 Slay+3}
                  | (Xom gifted it to you on level 12 of the Dungeon)
 26875 | D:12     | XOM: god gift: amulet "Ullet" {Acrobat Int+3 Dex+3 Slay+3}
 27271 | D:13     | XOM: divination: magic mapping
 27607 | D:13     | Found Zekhlai's Magic Scroll Shop.
 27654 | D:13     | Bought a scroll of blinking for 127 gold pieces
 27654 | D:13     | Bought a scroll of blinking for 127 gold pieces
 27782 | D:13     | XOM: blink monster(s)
 27873 | D:13     | You are sucked into a shaft and drop 2 floors!
 27873 | D:15     | Entered Level 15 of the Dungeon
 27899 | D:15     | XOM: blink monster(s)
 27901 | D:15     | XOM: enchant monster (good)
 27910 | D:15     | XOM: summons friendly iron imp
 28097 | D:15     | XOM: summons 3 hostile demons
 28257 | D:15     | XOM: enchant monster (good)
 28285 | D:15     | Found a shimmering altar of Xom.
 28285 | D:15     | XOM: 1-stop teleportation journey
 28405 | D:15     | XOM: scenery: create altars
 28558 | D:15     | XOM: 5-stop teleportation journey
 28567 | D:15     | Found a staircase to the Depths.
 28576 | D:15     | Reached XP level 17. HP: 115/145 MP: 0/0
 28576 | D:15     | Learned a level 7 spell: Ozocubu's Refrigeration
 28769 | D:15     | XOM: divine lightning
 28786 | D:15     | XOM: confuse monster(s)
 28880 | D:15     | XOM: confuse monster(s)
 29128 | D:15     | XOM: summons 1 hostile demon
 29186 | D:14     | XOM: destruction
 29187 | D:14     | XOM: divination: detect items
 29193 | D:14     | XOM: confusion (+ monsters)
 29246 | D:14     | Noticed Snorg
 29254 | D:14     | XOM: summons 3 friendly demons
 29423 | D:14     | XOM: smoke on damage
 29531 | D:15     | XOM: scenery: create altars
 29568 | D:14     | XOM: summons friendly shadow imp
 29597 | D:15     | XOM: cloud trail
 29929 | D:14     | Killed Snorg
 29997 | D:14     | XOM: confuse monster(s)
 30011 | D:14     | XOM: 11-stop teleportation journey
 30020 | D:14     | XOM: fog
 30033 | D:14     | XOM: destruction
 30036 | D:14     | XOM: summons 16 friendly demons
 30069 | D:14     | XOM: scenery: create altars
 30071 | D:13     | XOM: scenery: summon butterflies
 30189 | D:13     | XOM: give mutations
 30189 | D:13     | Gained mutation: You expend health (3 HP) to strengthen
                  | your wands. [Xom's grace]
 30189 | D:13     | Gained mutation: You have hidden genetic potential. [Xom's
                  | grace]
 30319 | D:14     | Reached skill level 5 in Polearms
 30513 | D:14     | XOM: give mutation
 30513 | D:14     | Gained mutation: You have great hidden genetic potential.
                  | [Xom's grace]
 30564 | D:14     | XOM: scenery: create altars
 30569 | D:14     | XOM: polymorph centaur warrior -> queen bee
 30671 | D:14     | XOM: scenery: summon butterflies
 30784 | D:14     | Identified the +1 scale mail of Dofynuq {+Blink Int-5
                  | Dex+5}
 30867 | D:14     | Found a gate to the Vaults.
 30900 | D:14     | XOM: scenery: create altars
 31039 | D:13     | XOM: potion effect (invisibility)
 31042 | D:13     | XOM: confusion (+ monsters)
 31065 | D:13     | XOM: silly message
 31071 | D:13     | XOM: polymorph hog -> shapeshifter
 31074 | D:13     | XOM: silly message
 31075 | D:13     | Noticed Kirke
 31079 | D:13     | XOM: divination: magic mapping
 31102 | D:13     | XOM: potion effect (haste)
 31196 | D:13     | Killed Kirke
 31633 | D:12     | XOM: cloud trail
 31837 | Swamp:1  | Entered Level 1 of the Swamp
 31855 | Swamp:1  | Reached skill level 10 in Armour
 31911 | Swamp:1  | XOM: potion effect (might)
 31972 | Swamp:1  | XOM: cloud trail
 31978 | Swamp:1  | XOM: cleaving
 32004 | Swamp:1  | Identified the serpent talisman "Navukym" {Dex+3}
 32004 | Swamp:1  | Noticed Aizul
 32013 | Swamp:1  | Killed Aizul
 32075 | Swamp:1  | Found a glacial archway.
 32079 | IceCv    | Entered an ice cave
 32093 | IceCv    | Found a transporter.
 32109 | IceCv    | Found a transporter.
 32204 | Swamp:1  | XOM: fog
 32217 | Swamp:1  | XOM: potion effect (curing)
 32459 | Swamp:1  | Noticed Roxanne
 32625 | Swamp:1  | XOM: cloud trail
 32649 | Swamp:1  | Identified the +2 broad axe of Due Proportion {flame, Fly
                  | Int+3}
 32683 | Swamp:1  | XOM: god gift: dagger {god gift}
 32704 | Swamp:1  | XOM: divination: magic mapping
 32705 | Swamp:1  | Noticed Donald
 32723 | Swamp:1  | Killed Donald
 32726 | Swamp:1  | Reached XP level 18. HP: 73/156 MP: 0/0
 33168 | Swamp:1  | XOM: silly message
 33178 | Swamp:2  | XOM: noise
 33179 | Swamp:2  | XOM: noise
 33321 | Swamp:2  | XOM is BORED!
 33321 | Swamp:2  | XOM: 1-stop teleportation journey
 33329 | Swamp:2  | XOM: summons 8 friendly demons
 33336 | Swamp:2  | Found a bloodstained altar of Trog.
 33411 | Swamp:2  | XOM: cleaving
 33730 | Swamp:2  | XOM: 1-stop teleportation journey
 34095 | Swamp:2  | XOM: divination: detect items
 34558 | Swamp:2  | XOM: cloud trail
 34864 | Swamp:3  | Noticed a tentacled monstrosity
 34877 | Swamp:3  | Killed a tentacled monstrosity
 34975 | Swamp:3  | XOM: potion effect (invisibility)
 35076 | Swamp:3  | XOM: 1-stop teleportation journey
 35078 | Swamp:3  | XOM: noise
 35082 | Swamp:3  | XOM: smoke on damage
 35084 | Swamp:3  | XOM: cast spell 'Alistair's Intoxication'
 35474 | Swamp:3  | Gained mutation: Your natural rate of healing is unusually
                  | fast. [hidden potential]
 35478 | Swamp:3  | XOM: silly message
 35677 | Swamp:3  | Noticed Bai Suzhen
 35680 | Swamp:3  | XOM: potion effect (curing)
 35757 | Swamp:3  | XOM: silly message
 36145 | Swamp:4  | Entered Level 4 of the Swamp
 36159 | Swamp:4  | XOM: noise
 36261 | Swamp:4  | Noticed a tentacled monstrosity
 36273 | Swamp:4  | Killed a tentacled monstrosity
 36679 | Swamp:4  | XOM: divination: magic mapping
 36697 | Swamp:4  | XOM: confuse monster(s)
 36879 | Swamp:4  | XOM: silly message
 36934 | Swamp:4  | Got a decaying rune of Zot
 36998 | Swamp:4  | XOM: noise
 37051 | Swamp:3  | Killed Bai Suzhen
 37052 | Swamp:3  | Reached XP level 19. HP: 29/164 MP: 0/0
 37052 | Swamp:3  | Learned a level 7 spell: Monstrous Menagerie
 37139 | Swamp:3  | XOM: silly message
 37244 | Snake:1  | Entered Level 1 of the Snake Pit
 37258 | Snake:1  | Noticed Jorgrun
 37266 | Snake:1  | Killed Jorgrun
 37318 | Snake:1  | XOM: give mutations
 37318 | Snake:1  | Lost mutation: Your spells are harder to cast, but more
                  | powerful. [Xom's mischief]
 37318 | Snake:1  | Lost mutation: Potions are less effective at restoring your
                  | health. [Xom's mischief]
 37361 | Snake:1  | XOM: summons 10 hostile demons
 37366 | Snake:1  | XOM: blink monster(s)
 37378 | Snake:1  | XOM: confusion
 37379 | Snake:1  | XOM: confusion (+ monsters)
 37395 | Snake:1  | XOM: noise
 37487 | Snake:1  | XOM: fog
 37488 | Snake:1  | XOM: blink monster(s)
 37538 | Snake:1  | XOM: give mutation
 37543 | Snake:1  | XOM: summons 5 hostile demons
 37687 | Snake:1  | Noticed Asterion
 37705 | Snake:1  | Killed Asterion
 37892 | Snake:1  | XOM: summons 8 hostile demons
 37955 | Snake:1  | XOM: summons 1 hostile shadow creature
 38030 | Snake:1  | XOM: chaos cloud
 38115 | Snake:1  | XOM: polymorph sea snake -> swamp worm
 38116 | Snake:1  | Noticed Mlioglotl
 38117 | Snake:1  | XOM: summons 6 hostile demons
 38284 | Snake:1  | XOM: swap monsters
 38292 | Snake:1  | Killed Mlioglotl
 38406 | Snake:1  | Gained mutation: You possess an exceptional clarity of
                  | mind. [hidden potential]
 38406 | Snake:1  | Lost mutation: You have great hidden genetic potential.
                  | [hidden potential expressed]
 38592 | Snake:1  | XOM: give mutations
 38592 | Snake:1  | Lost mutation: Your spells are a little harder to cast, but
                  | a little more powerful. [Xom's mischief]
 38592 | Snake:1  | Lost mutation: You have a pair of large horns on your head.
                  | [Xom's mischief]
 39033 | Snake:2  | XOM: polymorph black mamba -> entropy weaver
 39466 | Orc:2    | Bought the +8 lance "Wyrmbane" {slay drac, rPois rF+ rC+
                  | AC+3} for 2262 gold pieces
 39466 | Orc:2    | Found the +8 lance "Wyrmbane" {slay drac, rPois rF+ rC+
                  | AC+3}
 39809 | Depths:1 | Entered Level 1 of the Depths
 40050 | Depths:1 | Found a one-way gateway to a ziggurat.
 40096 | Depths:1 | XOM: 1-stop teleportation journey
 40112 | Depths:1 | XOM: give mutations
 40112 | Depths:1 | Gained mutation: Your body sometimes deteriorates upon
                  | taking damage. [Xom's mischief]
 40112 | Depths:1 | Gained mutation: Your body often deteriorates upon taking
                  | damage. [Xom's mischief]
 40112 | Depths:1 | Gained mutation: Your muscles are strong. (Str +4, Int/Dex
                  | -1) [Xom's mischief]
 40183 | Depths:1 | Found a one-way gate to the infinite horrors of the Abyss.
 40267 | Depths:1 | XOM: destruction
 40675 | Depths:1 | Found a gateway to Hell.
 40795 | Depths:1 | Reached skill level 10 in Polearms
 40795 | Depths:1 | Reached XP level 20. HP: 140/174 MP: 0/0
 40872 | Depths:1 | XOM: enchant monster (bad)
 40964 | Depths:1 | XOM: chaos upgrade
 41270 | Depths:1 | XOM: swap monsters
 41272 | Depths:1 | XOM: enchant monster (bad)
 41394 | Depths:1 | Found Oprupoh's Overcharged Wands.
 41566 | Depths:2 | XOM: cast spell 'Cause Fear'
 41583 | Depths:2 | XOM: god gift: cloak {god gift}
 41929 | Depths:2 | Gained mutation: You are extremely robust. (+30% HP)
                  | [hidden potential]
 42197 | Depths:2 | Reached skill level 15 in Spellcasting
 42197 | Depths:2 | Reached skill level 15 in Conjurations
 42197 | Depths:2 | Reached skill level 15 in Hexes
 42197 | Depths:2 | Reached skill level 15 in Summonings
 42197 | Depths:2 | Reached skill level 15 in Necromancy
 42197 | Depths:2 | Reached skill level 15 in Translocations
 42197 | Depths:2 | Reached skill level 15 in Fire Magic
 42197 | Depths:2 | Reached skill level 15 in Ice Magic
 42197 | Depths:2 | Reached skill level 15 in Air Magic
 42197 | Depths:2 | Reached skill level 15 in Earth Magic
 42197 | Depths:2 | Reached skill level 15 in Alchemy
 42198 | Depths:2 | XOM: polymorph cyan very ugly thing -> red very ugly thing
 42303 | Depths:2 | XOM: summons friendly quasit
 42304 | Depths:2 | XOM: chaos cloud
 42393 | Depths:2 | Found a one-way gate leading to the halls of Pandemonium.
 42541 | Depths:2 | XOM: summons 1 hostile shadow creature
 42810 | Depths:2 | Upgraded the game from 0.32-a0-675-gdc239d62e1 to
                  | 0.32-a0-685-g93135e86f0
 43247 | Snake:2  | XOM: scenery: create altars
 43272 | Snake:2  | XOM: cloud trail
 43320 | Snake:2  | XOM: potion effect (curing)
 43388 | Snake:2  | XOM: divination: magic mapping
 43666 | Snake:2  | XOM: confuse monster(s)
 43910 | Snake:2  | XOM: polymorph black mamba -> swamp drake
 43910 | Snake:2  | Gained mutation: You are dopey. (Int -2) [mutagenic glow]
 44046 | Snake:2  | XOM: enchant monster (bad)
 44111 | Snake:2  | XOM: blink monster(s)
 44112 | Snake:2  | XOM: noise
 44328 | Snake:3  | Reached XP level 21. HP: 198/198 MP: 0/0
 44328 | Snake:3  | Learned a level 8 spell: Infestation
 44371 | Snake:3  | XOM: divination: detect creatures
 44921 | Snake:3  | XOM: 5-stop teleportation journey
 45091 | Snake:3  | XOM: divination: detect items
 45205 | Snake:3  | XOM: give mutations
 45205 | Snake:3  | Lost mutation: Your flesh is almost immune to the effects
                  | of heat. (rF+++) [Xom's mischief]
 45205 | Snake:3  | Lost mutation: You have a pair of horns on your head.
                  | [Xom's mischief]
 45205 | Snake:3  | Lost mutation: You have a pair of small horns on your head.
                  | [Xom's mischief]
 45205 | Snake:3  | Lost mutation: You have hidden genetic potential. [Xom's
                  | mischief]
 45336 | Snake:4  | Entered Level 4 of the Snake Pit
 46129 | Snake:4  | Identified the staff of Disorder {rC+ Dex+4 Ice} (Xom
                  | gifted it to you on level 4 of the Snake Pit)
 46129 | Snake:4  | XOM: god gift: staff of Disorder {rC+ Dex+4 Ice}
 46166 | Snake:4  | XOM: noise
 46430 | Snake:4  | XOM: polymorph anaconda -> shapeshifter
 46433 | Snake:4  | Reached skill level 15 in Fighting
 46467 | Snake:4  | XOM: summons 2 hostile demons
 46582 | Snake:4  | Got a serpentine rune of Zot
 46882 | Lair:2   | XOM: divination: detect creatures
 47122 | Vaults:1 | Entered Level 1 of the Vaults
 47206 | Vaults:1 | Found a crumbling gateway.
 47215 | Vaults:1 | XOM: give mutation
 47215 | Vaults:1 | Gained mutation: You are strong-willed. (Will+) [Xom's
                  | grace]
 47228 | Desolati | Entered the Desolation of Salt
 47448 | Desolati | XOM: potion effect (brilliance)
 47482 | Desolati | Reached skill level 10 in Shapeshifting
 47688 | Desolati | Reached XP level 22. HP: 108/207 MP: 0/0
 47757 | Desolati | XOM: divination: magic mapping
 47768 | Desolati | XOM: 2-stop teleportation journey
 47912 | Desolati | Found the +3 pair of seven-league boots {Rampage+∞}
 47982 | Desolati | Identified the +11 executioner's axe of Jeishrup {freeze,
                  | *Rage rElec Str+3}
 48030 | Desolati | XOM: destruction
 48034 | Desolati | XOM: confuse monster(s)
 48106 | Desolati | Identified the staff "Olyad" {rElec rPois rF+ MP+9 Str-4
                  | Fire}
 48107 | Desolati | Identified the ring "Voifupn" {Ice rElec rN+ Str+2}
 48121 | Desolati | XOM: smoke on damage
 48121 | Desolati | XOM: torment (116/209 hp)
 48591 | Desolati | Identified the +5 plate armour "Ewycis" {Str+5 Int+3}
 48631 | Desolati | XOM: stat loss: -1 Int (18/19)
 48777 | Vaults:1 | Found Taetajyrr's General Store.
 48823 | Vaults:1 | XOM: give mutations
 48823 | Vaults:1 | Lost mutation: You possess an exceptional clarity of mind.
                  | [Xom's mischief]
 48823 | Vaults:1 | Gained mutation: You have supernaturally acute eyesight.
                  | (SInv) [Xom's mischief]
 48823 | Vaults:1 | Lost mutation: You are dopey. (Int -2) [Xom's mischief]
 48880 | Vaults:1 | XOM: summons friendly crimson imp
 48940 | Vaults:1 | XOM: give mutation
 48940 | Vaults:1 | Lost mutation: You are strong-willed. (Will+) [Xom's
                  | mischief]
 48953 | Vaults:1 | XOM: scenery: 1 doors close
 49134 | Vaults:1 | XOM: divination: magic mapping
 49214 | Vaults:1 | XOM: enchant monster (good)
 49381 | Vaults:1 | Identified the +10 war axe of Calamity {vamp, Dex+5}
 49576 | Vaults:1 | XOM: 1-stop teleportation journey
 49873 | Vaults:1 | XOM: potion effect (berserk rage)
 50373 | Vaults:1 | XOM: give mutation
 50373 | Vaults:1 | Gained mutation: Your spells are a little easier to cast,
                  | but a little less powerful. [Xom's mischief]
 50460 | Vaults:1 | XOM: noise
 50569 | Vaults:2 | XOM: draining
 50715 | Vaults:2 | XOM: confusion
 50843 | Vaults:2 | Reached XP level 23. HP: 203/218 MP: 0/0
 50843 | Vaults:2 | Learned a level 8 spell: Discord
 50897 | Vaults:2 | XOM: silly message
 50901 | Vaults:2 | XOM: cast spell 'Summon Ice Beast'
 51032 | Vaults:2 | XOM: divination: detect creatures
 51491 | Vaults:2 | Reached skill level 10 in Shields
 51539 | Vaults:2 | XOM: noise
 51833 | Vaults:2 | Found Tuides's Distillery.
 51841 | Vaults:2 | Bought a potion of resistance for 140 gold pieces
 51841 | Vaults:2 | Bought a potion of curing for 42 gold pieces
 51928 | Vaults:2 | XOM: potion effect (might)
 52047 | Vaults:2 | XOM: silly message
 52120 | Vaults:3 | Noticed Mennas
 52205 | Vaults:3 | XOM: silly message
 52267 | Vaults:3 | Identified the +0 long sword "Xaptusav" {flame, *Rage rN+
                  | Str-5 Int+8}
 52453 | Vaults:3 | XOM: potion effect (heal wounds)
 52458 | Vaults:3 | XOM: divination: detect creatures
 52601 | Vaults:3 | XOM: potion effect (brilliance)
 52608 | Vaults:3 | Killed Mennas
 52648 | Vaults:3 | XOM: divination: detect items
 52859 | Vaults:3 | XOM: divination: magic mapping
 52952 | Vaults:3 | Found a staircase to the Crypt.
 52976 | Vaults:3 | Found a basalt altar of Yredelemnul.
 53024 | Vaults:3 | Identified the ring of Darkness {rCorr Slay+2}
 53048 | Vaults:3 | Found Xeameps's Book Shop.
 53241 | Vaults:3 | XOM: noise
 53319 | Crypt:1  | Entered Level 1 of the Crypt
 53417 | Crypt:1  | Found a shadowy altar of Dithmenos.
 53554 | Crypt:1  | XOM: noise
 53656 | Crypt:1  | Reached XP level 24. HP: 227/227 MP: 0/0
 53683 | Crypt:1  | XOM: noise
 53733 | Crypt:1  | XOM: 1-stop teleportation journey
 53840 | Crypt:1  | XOM: scenery: summon butterflies
 53844 | Crypt:1  | XOM: cast spell 'Metabolic Englaciation'
 53929 | Crypt:1  | XOM: enchant monster (bad)
 53949 | Crypt:1  | XOM: 2-stop teleportation journey
 54346 | Crypt:1  | XOM: scenery: create altars
 54379 | Crypt:1  | XOM: enchant monster (good)
 54387 | Crypt:1  | XOM: chaos cloud
 54484 | Crypt:1  | XOM: cleaving
 54715 | Crypt:2  | XOM: swap monsters
 54728 | Crypt:2  | XOM: silly message
 54729 | Crypt:2  | XOM: chaos upgrade
 54897 | Crypt:2  | XOM: confusion
 54913 | Crypt:2  | XOM: scenery: 1 doors close
 54918 | Crypt:2  | XOM: 7-stop teleportation journey
 54962 | Crypt:2  | XOM: fake destruction
 54972 | Crypt:2  | XOM: 1-stop teleportation journey
 54991 | Crypt:1  | XOM: butterfly on damage
 55145 | Crypt:1  | XOM: silly message
 55175 | Crypt:2  | XOM: fog
 55205 | Crypt:1  | XOM: enchant monster (good)
 55254 | Crypt:1  | XOM: cleaving
 55625 | Crypt:2  | XOM: divine lightning
 55841 | Crypt:2  | Identified the +0 ring mail of Past Mistakes {Int+4}
 55926 | Crypt:2  | XOM: cleaving
 56382 | Crypt:3  | Entered Level 3 of the Crypt
 56488 | Crypt:3  | XOM: fake destruction
 56724 | Crypt:3  | XOM: 7-stop teleportation journey
 56732 | Crypt:3  | XOM: 1-stop teleportation journey
 56943 | Crypt:3  | Found the +7 sceptre of Torment {pain, torment}
 56949 | Crypt:3  | XOM: butterfly on damage
 57085 | Crypt:3  | XOM: give mutations
 57085 | Crypt:3  | Lost mutation: Your spells are a little easier to cast, but
                  | a little less powerful. [Xom's grace]
 57085 | Crypt:3  | Gained mutation: Your spells are a little harder to cast,
                  | but a little more powerful. [Xom's grace]
 57085 | Crypt:3  | Gained mutation: You are resistant to electric shocks.
                  | (rElec) [Xom's grace]
 57092 | Crypt:3  | Identified the ring "Tewk" {rN++ Str+6}
 57092 | Crypt:3  | Identified the amulet "Garphenu" {rPois Will+ Regen+
                  | Slay+2}
 57092 | Crypt:3  | Identified the ring of Dogma {rC+ rN++ Dex+2}
 57094 | Crypt:3  | Identified the +4 trident "Emacs" {venom, rN+ Str+4 Dex-4}
 57156 | Crypt:3  | XOM: confusion
 57276 | Crypt:3  | XOM: scenery: 2 doors close
 57283 | Crypt:3  | XOM: potion effect (curing)
 57350 | Crypt:3  | XOM: swap monsters
 57543 | Crypt:3  | Found a staircase to the Tomb.
 57543 | Crypt:3  | Noticed an ancient lich
 57547 | Crypt:3  | XOM: 1-stop teleportation journey
 57556 | Crypt:3  | XOM: noise
 57765 | Crypt:3  | Identified the +3 dagger of Doom {freeze, rC+ Str+3}
 57895 | Crypt:3  | XOM: divination: magic mapping
 57960 | Crypt:3  | XOM: enchant monster (good)
 57992 | Crypt:3  | XOM: summons 3 friendly demons
 57994 | Crypt:3  | XOM: noise
 58007 | Crypt:3  | XOM: summons 7 friendly demons
 58153 | Crypt:3  | XOM: enchant monster (bad)
 58218 | Crypt:3  | Noticed an ancient lich
 58235 | Crypt:3  | Killed an ancient lich
 58386 | Crypt:3  | Noticed an ancient lich
 58399 | Crypt:3  | Killed an ancient lich
 58400 | Crypt:3  | Reached XP level 25. HP: 232/239 MP: 0/0
 58400 | Crypt:3  | Learned a level 9 spell: Shatter
 58543 | Crypt:3  | Killed an ancient lich
 59227 | Vaults:4 | XOM: confuse monster(s)
 59311 | Vaults:4 | XOM: polymorph deep troll -> shapeshifter
 59324 | Vaults:4 | XOM: give mutations
 59324 | Vaults:4 | Lost mutation: Your spells are a little harder to cast, but
                  | a little more powerful. [Xom's mischief]
 59324 | Vaults:4 | Lost mutation: You are resistant to electric shocks.
                  | (rElec) [Xom's mischief]
 59325 | Vaults:4 | XOM: 1-stop teleportation journey
 59336 | Vaults:4 | XOM: confusion
 59715 | Vaults:4 | XOM: summons 2 hostile shadow creatures
 60162 | Vaults:4 | XOM: 1-stop teleportation journey
 60650 | Vaults:4 | XOM: torment (157/240 hp)
 60845 | D:12     | XOM: summons 1 hostile shadow creature
 60860 | D:12     | XOM: polymorph slime creature -> shapeshifter
 60898 | D:12     | XOM: give mutations
 60898 | D:12     | Gained mutation: Your spells are a little harder to cast,
                  | but a little more powerful. [Xom's grace]
 60898 | D:12     | Gained mutation: You are partially covered in large bone
                  | plates. (SH +4) [Xom's grace]
 60898 | D:12     | Gained mutation: Your spells are harder to cast, but more
                  | powerful. [Xom's grace]
 61019 | Orc:2    | Killed Saint Roka
 61141 | Elf:1    | Entered Level 1 of the Elven Halls
 61199 | Elf:1    | Paralysed by an air elemental for 1 turns
 61284 | Elf:1    | Identified the +1 pair of gloves of Quiescent Wonder {+Inv}
 61284 | Elf:1    | Noticed Nikola
 61297 | Elf:1    | Killed Nikola
 61464 | Elf:1    | XOM: enchant monster (bad)
 61466 | Elf:1    | XOM: noise
 61555 | Elf:1    | XOM: confuse monster(s)
 61865 | Elf:1    | XOM: scenery: 1 doors open
 61888 | Elf:1    | Identified the +3 leather armour of the Trombone {*Corrode
                  | Regen+ MP+9}
 61919 | Elf:1    | XOM: enchant monster (good)
 62194 | Elf:1    | XOM: scenery: summon butterflies
 62396 | Elf:2    | Paralysed by an air elemental for 1 turns
 62447 | Elf:2    | Identified the +3 dagger "Djinni's Doom" {speed, rCorr MP-9
                  | Str+9}
 62487 | Elf:2    | Found a runed translucent gate.
 62487 | Elf:2    | Found a runed translucent gate.
 62488 | Elf:2    | Found a runed translucent gate.
 62535 | Elf:2    | XOM: destruction
 62575 | Elf:2    | Reached XP level 26. HP: 180/250 MP: 0/0
 62645 | Elf:2    | Paralysed by an air elemental for 1 turns
 62659 | Elf:2    | Found a magical portal.
 62665 | WizLab   | Entered Tukima's Studio
 62706 | WizLab   | XOM: divination: detect creatures
 62859 | WizLab   | XOM: confuse monster(s)
 62951 | WizLab   | XOM: divine lightning
 63058 | WizLab   | Noticed Xavori's illusion
 63064 | WizLab   | XOM: summons 3 friendly demons
 63078 | WizLab   | XOM: enchant monster (good)
 63281 | WizLab   | XOM: god gift: scroll of immolation
 63434 | Elf:2    | Reached skill level 15 in Shapeshifting
 63522 | Elf:2    | XOM: silly message
 63652 | Elf:2    | Noticed Azrael
 63764 | Elf:2    | Killed Azrael
 63773 | Elf:2    | XOM: scenery: 2 doors open
 64016 | Elf:2    | XOM: confuse monster(s)
 64026 | Elf:2    | XOM: summons 4 friendly demons
 64088 | Elf:2    | XOM: give mutations
 64088 | Elf:2    | Lost mutation: You have supernaturally acute eyesight.
                  | (SInv) [Xom's mischief]
 64088 | Elf:2    | Lost mutation: Your spells are harder to cast, but more
                  | powerful. [Xom's mischief]
 64309 | Elf:3    | Entered Level 3 of the Elven Halls
 64380 | Elf:3    | XOM: fog
 64405 | Elf:3    | XOM: give mutation
 64405 | Elf:3    | Lost mutation: You are partially covered in large bone
                  | plates. (SH +4) [Xom's mischief]
 64473 | Elf:3    | Identified the +0 chain mail "Noog" {rF- rN+++ Regen+
                  | Str-5}
 64481 | Elf:3    | XOM: potion effect (might)
 64487 | Elf:3    | Reached skill level 15 in Dodging
 64529 | Elf:3    | XOM: 4-stop teleportation journey
 64732 | Elf:3    | XOM: god gift: 46 gold pieces
 64944 | Elf:3    | XOM: give mutation
 64944 | Elf:3    | Lost mutation: You expend health (3 HP) to strengthen your
                  | wands. [Xom's mischief]
 65266 | Elf:3    | Identified the amulet of Kossof {Acrobat rElec rN++}
 65374 | Elf:3    | Identified the +3 orcbow "Ozah" {antimagic, rPois Str+4}
 65384 | Elf:3    | Identified the +1 rapier "Zeqecixe" {freeze, rF+ Dex+2}
 65839 | D:4      | Bought a talisman of death for 1120 gold pieces
 66254 | Depths:3 | Noticed a juggernaut
 66266 | Depths:3 | XOM: enchant monster (good)
 66268 | Depths:3 | Killed a juggernaut
 66307 | Depths:3 | Noticed a juggernaut
 66340 | Depths:3 | Killed a juggernaut
 66360 | Depths:3 | XOM: fog
 66382 | Depths:3 | Reached XP level 27. HP: 80/261 MP: 0/0
 66382 | Depths:3 | Learned a level 9 spell: Death's Door
 66461 | Depths:3 | XOM: 2-stop teleportation journey
 66513 | Depths:3 | XOM: divination: magic mapping
 66514 | Depths:3 | XOM: summons friendly red devil
 66612 | Depths:3 | Noticed Margery
 66617 | Depths:3 | Killed Margery
 66619 | Depths:3 | XOM: enchant monster (bad)
 67058 | Depths:3 | XOM: enchant monster (bad)
 67339 | Depths:3 | Noticed a juggernaut
 67344 | Depths:3 | XOM: give mutations
 67344 | Depths:3 | Lost mutation: Your spells are a little harder to cast, but
                  | a little more powerful. [Xom's mischief]
 67344 | Depths:3 | Lost mutation: You are extremely robust. (+30% HP) [Xom's
                  | mischief]
 67344 | Depths:3 | Gained mutation: Your muscles are very strong. (Str +8,
                  | Int/Dex -2) [Xom's mischief]
 67344 | Depths:3 | Gained mutation: You are extremely robust. (+30% HP) [Xom's
                  | mischief]
 67357 | Depths:3 | Killed a juggernaut
 67400 | Depths:3 | XOM: stat loss: -1 Int (18/19)
 67425 | Depths:3 | XOM: give mutations
 67425 | Depths:3 | Lost mutation: Your body often deteriorates upon taking
                  | damage. [Xom's mischief]
 67425 | Depths:3 | Lost mutation: Your natural rate of healing is unusually
                  | fast. [Xom's mischief]
 67425 | Depths:3 | Gained mutation: Your movements are slightly less
                  | encumbered by armour. (ER -2) [Xom's mischief]
 67425 | Depths:3 | Gained mutation: Armour fits poorly on your strangely
                  | shaped body. [Xom's mischief]
 67571 | Depths:3 | Identified the +0 great sword "Bountus" {elec, rElec}
 67577 | Depths:3 | XOM: stat loss: -1 Dex (17/18)
 67789 | D:12     | XOM: silly message
 68029 | Lair:3   | Identified the +0 hat "Oczof" {rF+ Regen+}
 68398 | Depths:3 | XOM: silly message
 68505 | Depths:4 | Entered Level 4 of the Depths
 68575 | Depths:4 | XOM: enchant monster (bad)
 68582 | Depths:4 | XOM: scenery: 1 doors open
 68656 | Depths:4 | XOM: summons friendly shadow imp
 68741 | Depths:4 | XOM: silly message
 68817 | Depths:4 | XOM: give mutations
 68817 | Depths:4 | Gained mutation: You have a pair of small horns on your
                  | head. [Xom's grace]
 68817 | Depths:4 | Gained mutation: You passively map a small area around you.
                  | [Xom's grace]
 68817 | Depths:4 | Gained mutation: You have hidden genetic potential. [Xom's
                  | grace]
 68827 | Depths:4 | XOM: enchant monster (good)
 68831 | Depths:4 | XOM: summons 7 friendly demons
 68981 | Depths:4 | XOM: give mutations
 68981 | Depths:4 | Gained mutation: You passively map the area around you.
                  | [Xom's grace]
 68981 | Depths:4 | Lost mutation: You have hidden genetic potential. [Xom's
                  | grace]
 68981 | Depths:4 | Gained mutation: You are somewhat resistant to further
                  | mutation. [Xom's grace]
 68989 | Depths:4 | XOM: cleaving
 68995 | Depths:4 | XOM: polymorph ice dragon -> eye of devastation
 69076 | Depths:4 | XOM: scenery: 2 doors close
 69106 | Depths:4 | XOM: scenery: create altars
 69116 | Depths:4 | XOM: divine lightning
 69232 | Depths:4 | XOM: give mutation
 69232 | Depths:4 | Gained mutation: Your spells are a little harder to cast,
                  | but a little more powerful. [Xom's grace]
 69431 | Depths:4 | Identified the amulet "Duajud" {Reflect Fly SH+5} (Xom
                  | gifted it to you on level 4 of the Depths)
 69431 | Depths:4 | XOM: god gift: amulet "Duajud" {Reflect Fly SH+5}
 69456 | Depths:4 | XOM: enchant monster (good)
 69612 | Depths:4 | XOM: divination: detect items
 69649 | Depths:4 | XOM is BORED!
 70041 | Depths:4 | Found a gate to the Realm of Zot.
 70048 | Depths:4 | Found a stormy altar of Qazlal.
 70070 | Depths:4 | Identified the staff of Faddar {rF+ Str+3 Dex-5 Stlth--
                  | Necro Fire Ice Air}
 70071 | Depths:4 | Identified the staff "Goiniarph" {rF+ rC+ Str+3 Stlth--
                  | Summ Fire Ice}
 70146 | Depths:4 | XOM: god gift: potion of attraction
 70303 | Vaults:1 | XOM is BORED!
 70427 | Vaults:5 | Entered Level 5 of the Vaults
 70431 | Vaults:4 | XOM: divination: detect items
 70442 | Vaults:4 | XOM: silly message
 70444 | Vaults:4 | XOM: divination: detect creatures
 70459 | Vaults:4 | XOM: potion effect (haste)
 70462 | Vaults:4 | XOM: potion effect (might)
 70761 | Vaults:5 | XOM: cast spell 'Summon Ice Beast'
 70763 | Vaults:5 | XOM: enchant monster (good)
 70790 | Vaults:5 | XOM: silly message
 70853 | Vaults:5 | XOM: potion effect (might)
 70886 | Vaults:5 | XOM: god gift: bardiche {god gift}
 71044 | Vaults:5 | Identified the +3 orcbow of the Tent {freeze, Will++ Int-3
                  | SInv}
 71172 | Vaults:5 | XOM: swap monsters
 71219 | Vaults:5 | XOM: polymorph storm dragon -> great orb of eyes
 71247 | Vaults:5 | XOM: 9-stop teleportation journey
 71388 | Vaults:5 | XOM: cast spell 'Summon Ice Beast'
 71465 | Vaults:5 | Identified the +2 leather armour of Perpetual Drought
                  | {rPois Dex+4 Stlth+}
 71467 | Vaults:5 | Identified the +8 orcbow "Nikatz" {freeze, Int+4}
 71501 | Vaults:5 | XOM: potion effect (invisibility)
 71525 | Vaults:5 | XOM: cleaving
 71651 | Vaults:5 | Identified the staff of Wyrd {rN+ Will- rCorr Int+5 Necro
                  | Earth}
 71732 | Vaults:5 | Got a silver rune of Zot
 71768 | Vaults:5 | Identified the ring "Downeiwn" {Int+3 SInv}
 71790 | Vaults:5 | XOM: summons friendly ufetubus
 71862 | Vaults:5 | Identified the +1 pair of boots "Vumeh" {*Slow Slay+3
                  | Stlth+}
 71875 | Vaults:5 | Identified the staff of Tortfeasance {rPois rN+ Will+ Dex+3
                  | Necro}
 71960 | Vaults:5 | XOM: confusion
 71965 | Vaults:5 | XOM: polymorph shadow dragon -> shadow dragon
 72228 | Vaults:5 | Identified the +6 double sword "Killer Klown's Foe" {vamp,
                  | *Noise rC+ Int+5}
 72498 | Vaults:5 | XOM: swap monsters
 72574 | Vaults:5 | XOM: summons 4 hostile demons
 72833 | D:12     | XOM: stat loss: -1 Int (18/19)
 72955 | Lair:1   | XOM: noise
 73036 | Slime:1  | Entered Level 1 of the Pits of Slime
 73191 | Slime:4  | XOM: blink monster(s)
 73266 | Slime:5  | Entered Level 5 of the Pits of Slime
 73425 | Slime:5  | Found the +9 scales of the Dragon King {rPois rF+ rC+
                  | Will+}
 73494 | Slime:5  | XOM: silly message
 73614 | Slime:5  | XOM: silly message
 73634 | Slime:5  | Noticed the Royal Jelly
 73644 | Slime:5  | XOM: divination: detect creatures
 73772 | Slime:5  | XOM: divination: detect creatures
 73824 | Slime:5  | XOM: potion effect (curing)
 73902 | Slime:5  | XOM: cast spell 'Summon Small Mammal'
 73950 | Slime:5  | Found a viscous altar of Jiyva.
 74161 | Slime:5  | XOM: divination: detect items
 74164 | Slime:5  | XOM: silly message
 74167 | Slime:5  | XOM: cast spell 'Animate Armour'
 74169 | Slime:5  | XOM: potion effect (haste)
 74170 | Slime:5  | XOM: potion effect (brilliance)
 74180 | Slime:5  | XOM: silly message
 74181 | Slime:5  | Killed the Royal Jelly
 74182 | Slime:5  | XOM: potion effect (curing)
 74339 | Slime:5  | Got a slimy rune of Zot
 74357 | Slime:5  | Identified the +2 great mace "Gaehuzitz" {flame, rC++ Will+
                  | Str-4 SInv}
 74365 | Slime:5  | XOM: noise
 74566 | Slime:5  | Identified the +0 storm dragon scales "Feqygrun" {rElec
                  | Str+3}
 74577 | Slime:5  | Identified the +4 hand axe of Dithmenos's Reproof {flame,
                  | rC+ Will+}
 74617 | Slime:5  | Identified the +0 pair of boots of Patience {Str-4 Int-5
                  | Dex+6}
 74621 | Slime:5  | Identified the +2 ring mail of the Eternal Fruit {rElec
                  | rCorr Stlth+}
 74697 | Slime:2  | XOM: silly message
 75209 | Zot:1    | Entered Level 1 of the Realm of Zot
 75218 | Zot:1    | XOM: divination: magic mapping
 75321 | Zot:1    | XOM: smoke on damage
 75344 | Depths:4 | XOM: noise
 75549 | Depths:4 | XOM: scenery: 2 doors close
 75611 | Depths:4 | XOM: cloud trail
 75667 | Depths:4 | XOM: scenery: 2 doors open
 76005 | Zot:1    | XOM: divination: detect creatures
 76200 | Zot:2    | XOM: cast spell 'Iskenderun's Battlesphere'
 76313 | Zot:2    | XOM: noise
 76455 | Zot:2    | XOM: polymorph shadow dragon -> glowing shapeshifter
 76624 | Zot:2    | XOM: polymorph golden dragon -> catoblepas
 76733 | Zot:2    | XOM: 6-stop teleportation journey
 76816 | Zot:2    | XOM: silly message
 77297 | Zot:3    | XOM: confusion (+ monsters)
 77306 | Zot:3    | XOM: potion effect (haste)
 77591 | Zot:3    | Identified a scroll of acquirement
 77591 | Zot:3    | Acquired 525 gold pieces
 78265 | Zot:4    | XOM: potion effect (brilliance)
 78358 | Zot:4    | XOM: potion effect (invisibility)
 78526 | Zot:4    | XOM: divination: detect creatures
 78697 | Zot:5    | Entered Level 5 of the Realm of Zot
 78698 | Zot:5    | XOM: summons friendly iron imp
 79063 | Zot:5    | XOM: divination: detect creatures
 79129 | Zot:5    | XOM: divine lightning
 79143 | Zot:5    | XOM: swap monsters
 79285 | Zot:1    | XOM: divination: detect items
 79325 | Depths:4 | XOM: noise
 79416 | Hell     | Entered the Vestibule of Hell
 79416 | Hell     | Noticed Geryon
 79419 | Hell     | XOM: cast spell 'Summon Dragon'
 79476 | Depths:4 | XOM: divination: detect items
 79496 | Hell     | XOM: summons 2 friendly demons
 79498 | Hell     | XOM: divination: detect items
 79505 | Hell     | XOM: potion effect (curing)
 79612 | Hell     | XOM: potion effect (haste)
 79716 | Depths:4 | XOM: swap monsters
 79793 | Hell     | XOM: chaos upgrade
 79817 | Depths:4 | XOM: blink monster(s)
 79842 | Depths:4 | XOM: swap monsters
 80385 | Depths:4 | XOM: summons 14 hostile demons
 80587 | Hell     | XOM: summons 2 friendly demons
 80588 | Hell     | XOM: polymorph white imp -> rust devil
 80589 | Hell     | XOM: scenery: create altars
 80591 | Hell     | XOM: chaos upgrade
 80593 | Hell     | XOM: swap monsters
 80598 | Hell     | XOM: blink monster(s)
 80603 | Depths:4 | Reached skill level 15 in Armour
 80675 | Hell     | XOM: chaos upgrade
 80680 | Hell     | XOM: scenery: create altars
 80702 | Hell     | XOM: polymorph hell beast -> white imp
 80839 | Hell     | XOM: divination: magic mapping
 80898 | Hell     | XOM: enchant monster (bad)
 80900 | Hell     | Killed Geryon
 80962 | Hell     | Found a gateway to the ashen valley of Gehenna.
 80962 | Hell     | XOM: 1-stop teleportation journey
 81093 | Hell     | Found a gateway to the freezing wastes of Cocytus.
 81176 | Hell     | Found a gateway to the Iron City of Dis.
 81394 | Hell     | Found a gateway to the decaying netherworld of Tartarus.
 81535 | Pan      | Entered Pandemonium
 81557 | Pan      | XOM: stat loss: -1 Int (18/19)
 81647 | Pan      | Found an exit through the horrors of the Abyss.
 81656 | Pan      | Noticed Ignacio
 82099 | Pan      | XOM: repel stairs
 82116 | Pan      | XOM: enchant monster (bad)
 82125 | Pan      | Killed Ignacio
 82361 | Pan      | XOM: god gift: +6 bardiche of flaming
 82565 | Pan      | XOM: confuse monster(s)
 82889 | Pan      | Acquired the +3 crown of Dyrovepreva {rElec Int+2 SInv}
 82889 | Pan      | Found the +3 crown of Dyrovepreva {rElec Int+2 SInv}
 82907 | Pan      | XOM: swap monsters
 82980 | Pan      | XOM: polymorph cherub -> angel
 83181 | Pan      | Found a white marble altar of Elyvilon.
 83673 | Pan      | XOM: divination: detect creatures
 83783 | Pan      | XOM: give mutations
 83783 | Pan      | Gained mutation: You possess an exceptional clarity of
                  | mind. [Xom's grace]
 83783 | Pan      | Gained mutation: You are strong-willed. (Will+) [Xom's
                  | grace]
 83783 | Pan      | Lost mutation: You are somewhat resistant to further
                  | mutation. [Xom's grace]
 83783 | Pan      | Gained mutation: You have hidden genetic potential. [Xom's
                  | grace]
 83861 | Pan      | XOM: enchant monster (bad)
 84043 | Pan      | XOM: 1-stop teleportation journey
 84232 | Pan      | XOM: god gift: wand of paralysis (5)
 84249 | Pan      | XOM: polymorph daeva -> holy swine
 84417 | Pan      | Found a glowing silver altar of Zin.
 84724 | Pan      | XOM: confuse monster(s)
 84743 | Pan      | Noticed a seraph
 84745 | Pan      | XOM: 1-stop teleportation journey
 84764 | Pan      | XOM: 4-stop teleportation journey
 84780 | Pan      | XOM: divination: magic mapping
 84955 | Pan      | XOM: scenery: create altars
 85081 | Pan      | XOM: god gift: boomerang
 85089 | Pan      | XOM: summons friendly crimson imp
 85226 | Pan      | XOM: scenery: create altars
 85246 | Pan      | Killed a seraph
 85381 | Pan      | Found a glowing golden altar of the Shining One.
 85391 | Pan      | Got a demonic rune of Zot
 85797 | Pan      | XOM: cast spell 'Iskenderun's Battlesphere'
 85872 | Pan      | Identified the +0 hat of Greed {rC+ Int+6} (Xom gifted it
                  | to you in Pandemonium)
 85872 | Pan      | XOM: god gift: +0 hat of Greed {rC+ Int+6}
 85974 | Pan      | XOM: destruction
 86016 | Pan      | Noticed Maomep the pandemonium lord
 86019 | Pan      | XOM: polymorph Hell Sentinel -> Ice Fiend
 86037 | Pan      | Killed Maomep the pandemonium lord
 86161 | Pan      | XOM: scenery: summon butterflies
 86504 | Pan      | Found an exit through the horrors of the Abyss.
 86565 | Pan      | Noticed Diess the pandemonium lord
 86708 | Pan      | Found an exit through the horrors of the Abyss.
 86747 | Pan      | XOM: divination: detect items
 87326 | Pan      | XOM: confuse monster(s)
 87337 | Pan      | Noticed Kihag the pandemonium lord
 87507 | Pan      | Killed Kihag the pandemonium lord
 87513 | Pan      | XOM: confuse monster(s)
 87699 | Pan      | XOM: divination: magic mapping
 87757 | Pan      | XOM: enchant monster (good)
 87939 | Pan      | XOM: cast spell 'Summon Ice Beast'
 87952 | Pan      | XOM: divination: magic mapping
 87983 | Pan      | XOM: cast spell 'Alistair's Intoxication'
 88378 | Pan      | Entered the realm of Gloorx Vloq.
 88470 | Pan      | XOM: stat loss: -1 Str (27/28)
 88730 | Pan      | XOM: summons 14 hostile demons
 88913 | Pan      | XOM: enchant monster (bad)
 88920 | Pan      | XOM: divination: magic mapping
 89012 | Pan      | XOM: destruction
 89017 | Pan      | XOM: confuse monster(s)
 89218 | Pan      | XOM: confuse monster(s)
 89263 | Pan      | XOM: polymorph large abomination -> large abomination
 89292 | Pan      | Noticed Gloorx Vloq
 89333 | Pan      | XOM: fog
 89335 | Pan      | XOM: cast spell 'Summon Cactus Giant'
 89336 | Pan      | XOM: summons 6 friendly demons
 89338 | Pan      | Killed Gloorx Vloq
 89455 | Pan      | Got a dark rune of Zot
 89586 | Pan      | Entered the realm of Cerebov.
 89736 | Pan      | XOM: summons 7 friendly demons
 90313 | Pan      | XOM: cast spell 'Monstrous Menagerie'
 90386 | Pan      | Identified the +0 ring mail of Good Intentions {Str+2}
 90389 | Pan      | Identified the +3 bardiche of Ejua {venom, rC+ rN++}
 90395 | Pan      | Identified the staff "Djinni's Curse" {rC+ rN+ Conj Necro}
 90407 | Pan      | Identified the +9 sling "Ixupiyne" {flame, rF+ Str+3}
 90420 | Pan      | Identified the +3 arbalest of Discomfort {drain, rPois
                  | Int-4 Dex+3}
 90539 | Pan      | Found the +6 sword of Cerebov {flame}
 90539 | Pan      | Noticed Cerebov
 90693 | Pan      | XOM: blink monster(s)
 90930 | Pan      | XOM: summons 1 hostile demon
 90998 | Pan      | Identified the +0 ice dragon scales of the Zebra {rF- rC++
                  | rN+ Dex+6}
 91026 | Pan      | XOM: summons friendly ufetubus
 91033 | Pan      | XOM: enchant monster (good)
 91289 | Pan      | XOM: divination: detect items
 91292 | Pan      | Killed from afar by Cerebov

Illustrated notes

Levels and vault maps discovered:
D:1:      sevenhm_arrival_forest_fort_small_6, layout_rooms
D:2:      layout_loops_cross
D:3:      layout_basic, uniq_natasha, uniq_sigmund, uniq_grinder
D:4:      layout_basic, lemuel_doored_altar, minmay_temple_entry_tees,
          gammafunk_ghost_smash, serial_shops, nicolae_shop_crystal, uniq_robin,
          uniq_crazy_yiuf_cottage, uniq_menkaure
D:5:      nicolae_cairo_tiling_large_dashed, layout_basic,
          mainiacjoe_overflow_alcove_4, tso_oasis_becter, serial_shops, shop,
          nicolae_shop_peninsula, shop_fountains, nicolae_book_shop_shelving,
          uniq_blork_the_orc
D:6:      layout_basic, gup_sewer_entry_pipe, uniq_pikel
D:7:      layout_cave_pods, nicolae_ru_the_path_less_chosen, enter_bailey_2,
          hellmonk_guarded_unrand_hermit
D:8:      minmay_the_grid_triangle_9x9_recursive_2
          [minmay_the_grid_triangle_9x9_prize_top_heavy,
          minmay_the_grid_triangle_9x9_from_above,
          minmay_the_grid_triangle_9x9_zippers_horizontal,
          minmay_the_grid_triangle_9x9_intruding_spiral], layout_loops_ring,
          nicolae_gozag_seed_capital, mainiacjoe_overflow_24_doors,
          gammafunk_ghost_hydra_chop
D:9:      layout_basic, chequers_temple_overflow_minitemple,
          minmay_fractal_squares_5
D:10:     layout_small_grid, kennysheep_little_box, minivault_16
D:11:     layout_loops_corners, david_lair_shrubbed, david_orc_4,
          amcnicky_mini_pool_small, chequers_serial_rivers_large_a,
          okawaru_gym_becter
D:12:     layout_layer_cave, serial_shops, shop
D:13:     kennysheep_bubbly, layout_basic, serial_shops, shop, st_stairs_14,
          uniq_kirke
D:14:     layout_cave_pools, hangedman_vaults_entry_quadrant_bands,
          serial_bayou_pond_a, lemuel_zombie_altar_kikubaaqudgha, uniq_snorg
D:15:     hangedman_depths_entry_civil_slaughter, layout_basic,
          kennysheep_pointless_box, xom_confusion_cloud
Lair:1:   gammafunk_indiana_jones, layout_gridlike
Lair:2:   gammafunk_lair_enchanted_lake, layout_chaotic_city,
          skrybe_swamp_entry_bodies, dummy_snake_entry, kennysheep_rathole,
          serial_bayou_shore_a
Lair:3:   gammafunk_worm_tunnel, layout_gridlike
Lair:4:   layout_long_grid, slime_entry_1, kennysheep_snail_temple,
          infiniplex_staircase_pool, serial_bayou_shore_b, grunt_megastairs_4
Lair:5:   minmay_lair_end_enchanted_forest, layout_regular_city, uniq_urug,
          uniq_nessos
Swamp:1:  layout_falls_marsh, portal_ice_cave_entry_pillars_four,
          nicolae_swamp_orc_logging_accident, uniq_donald, uniq_aizul,
          uniq_roxanne
Swamp:2:  layout_falls_marsh, lemuel_altar_in_water, swamp_pool_5,
          cheibrodos_swamp_witchery
Swamp:3:  layout_basic_swamp, evilmike_swamp_ruin_house_4,
          nicolae_swamp_tree_isthmus, uniq_bai_suzhen
Swamp:4:  swamp_fiery, layout_basic_swamp, swamp_pool_1_2
Snake:1:  layout_chambers, special_room, nicolae_snake_herptile_family_reunion,
          uniq_asterion, uniq_mlioglotl, uniq_jorgrun
Snake:2:  nicolae_snake_attic_fulla_snakes, layout_basic,
          statue_in_the_mist_lemuel
Snake:3:  kennysheep_six_static_rooms, layout_gridlike,
          nicolae_snake_serpentine_hallways, serial_bayou_shore_b
Snake:4:  snake_pit_salamanders_mu, layout_cave_town
Slime:1:  layout_caves, nicolae_slime_barrier
Slime:2:  layout_caves, uniq_dissolution
Slime:3:  layout_caves, nicolae_slime_crime_time
Slime:4:  layout_caves, basic_altar
Slime:5:  slime_pit_nicolae_inversion
Orc:1:    layout_caves
Orc:2:    grunt_orc_community_town_hall, layout_diamond_mine,
          grunt_orc_community_big_house_2, grunt_orc_community_big_house_1,
          grunt_orc_community_house_2, grunt_orc_community_house_3,
          grunt_orc_community_house_1, grunt_orc_community_house_3,
          grunt_orc_community_house_1, grunt_orc_community_house_1,
          uniq_josephine, uniq_saint_roka
Elf:1:    nicolae_elf_arrival_fired_up, layout_loops_corners,
          nicolae_elf_crossing_hall, serial_library_regret_index_boxing,
          nicolae_elf_martial_mastery, uniq_nikola
Elf:2:    elven_hall_of_blades_hangedman_original
          [infiniplex_blade_entry_pillars], layout_loops_cross,
          infiniplex_enter_wizlab_spiral, uniq_azrael
Elf:3:    grunt_elf_hall_asides, layout_loops_corners
Vaults:1: portal_desolation_entry_nicolae_nacl, nicolae_vaults_apartment_1,
          nicolae_vaults_specimen_jars, vaults_room_grunt_arrival_ludios,
          nicolae_vaults_double_plus_1, v_misc_2,
          nicolae_vaults_offset_grid_hallway_1, nooodl_orcs_dogs,
          hangedman_vaults_slice, layout_vaults_big_room, serial_shops,
          nicolae_shop_hallway_plus
Vaults:2: nicolae_vaults_wine_cellar, nicolae_vaults_lightning_bolt, v_rooms_2,
          v_misc_15, nicolae_vaults_sesquioval_fish,
          nicolae_vaults_puzzle_piece, nicolae_vaults_offset_grid_hallway_4,
          v_misc_11, nicolae_vaults_octothorpe, hangedman_vaults_slice,
          nicolae_vaults_tangram_1, layout_vaults_ring, serial_shops, shop
Vaults:3: minmay_crypt_entry_necro_gods, nicolae_vaults_more_shelving_1,
          nicolae_vaults_security_offices_2, v_misc_10, grunt_vaults_twisty,
          serial_ice_h, v_alt_pattern_4, nicolae_vaults_weapon_check,
          nicolae_vaults_trapezoid_lopsided_4, layout_vaults_maze_snakey,
          serial_shops, nicolae_shop_mannequins, uniq_mennas
Vaults:4: nicolae_vaults_shrinking_rooms_2, nicolae_vaults_trapezoid_lopsided_1,
          hangedman_vaults_impose, nicolae_vaults_layer_cake_slice,
          nicolae_vaults_octagons, v_misc_15, v_rooms_5,
          nicolae_vaults_alarming, nicolae_vaults_house_1,
          layout_vaults_big_cross
Vaults:5
Crypt:1:  layout_misc_corridors, nicolae_danse_macabre
Crypt:2:  layout_regular_city, grunt_megastairs_3
Crypt:3:  quadcrypt_mu
Depths:1: layout_honeycomb, enter_ziggurat_b, serial_rivers,
          chequers_serial_rivers_small_b, chequers_serial_rivers_micro_b,
          chequers_serial_rivers_marsh, chequers_serial_rivers_marsh,
          hell_entry, nicolae_abyss_entry_one_way_or_another,
          nicolae_shop_overcharged_wands
Depths:2: nicolae_hitomezashi [nicolae_hito_row, nicolae_hito_row,
          nicolae_hito_row, nicolae_hito_row, nicolae_hito_row,
          nicolae_hito_row, nicolae_hito_row, nicolae_hito_row,
          nicolae_hito_row, nicolae_hito_row, nicolae_hito_row,
          nicolae_hito_row, nicolae_hito_row, nicolae_hito_row,
          nicolae_hito_row, nicolae_hito_row, nicolae_hito_row,
          nicolae_hito_row], layout_gridlike, rand_demon_pan_entry_3,
          hangedman_tar_grid_catacomb, abyss_entry,
          infiniplex_staircase_door_maze
Depths:3: minmay_bad_star, layout_gridville, minmay_room_of_horrors, pan_entry,
          hell_entry, kennysheep_small_spiral, minmay_fire_ice_demons,
          minmay_staircase_windowed_small, uniq_margery
Depths:4: regret_index_qazlal_generations, layout_small_grid,
          grunt_pan_entry_zigzag, grunt_hell_entry_dis_grunt,
          serial_bayou_shore_b
Hell
Zot:1:    layout_onion_interference
Zot:2:    layout_basic, lemuel_baited_zot_trap, uniq_parghit
Zot:3:    layout_cellular_growth
Zot:4:    layout_misc_corridors
Zot:5:    layout_misc_corridors
Pan:      evilmike_mini_pan_doors, layout_rooms, nicolae_pan_sigil_nadil,
          rand_demon_2, layout_long_grid, uniq_ignacio,
          nicolae_pan_sick_transit, grunt_pan_in_and_out, layout_onion_city,
          evilmike_holy_pan, grunt_pan_sceptre, layout_chambers,
          grunt_pan_frozen_over, layout_pan_divisions_b
          [pan_division_quadrant_b3, pan_division_quadrant_b4,
          pan_division_quadrant_b2, pan_division_quadrant_b6], rand_demon_5,
          layout_pan_divisions_a [pan_division_quadrant_a4,
          pan_division_quadrant_a2, pan_division_quadrant_a4,
          pan_division_quadrant_a4, pan_division_octagon_rings],
          nicolae_pan_gloorx_vloqian_4, pan_blood_fountain_2,
          regret_index_pan_draining_boxed, layout_basic, pan_blood_fountain_2,
          nicolae_pan_mnolegish_1, lemuel_hall_of_pain, layout_irregular_city,
          rand_demon_8, layout_gridlike, evilmike_mini_pan_doors_b,
          layout_cross, gloorx_vloq_grunt, layout_pan_divisions_a
          [pan_division_quadrant_a3, pan_division_quadrant_a3,
          pan_division_quadrant_a5, pan_division_quadrant_a1,
          pan_division_octagon_empty], nicolae_pan_gloorx_vloqian_2,
          cerebov_grunt_fire_and_steel, layout_small_grid,
          nicolae_pan_cerebovesque_4, reaverb_pan_squares

Skill      XL: |  1  2  3  4  5  6  7  8  9 10 11 12 13 14 15 16 17 18 19 20 21 22 23 24 25 26 27 |
---------------+----------------------------------------------------------------------------------+-----
Spellcasting   | 2 3 4 5 7 8 9 10 11 12 13 14 15 16 17 18 19 22 | 22.5
Conjurations   | 2 3 4 5 7 8 9 10 11 12 13 14 15 16 17 18 19 22 | 22.5
Hexes          | 2 3 4 5 7 8 9 10 11 12 13 14 15 16 17 18 19 22 | 22.5
Summonings     | 2 3 4 5 7 8 9 10 11 12 13 14 15 16 17 18 19 25 | 25.2
Necromancy     | 2 3 4 5 7 8 9 10 11 12 13 14 15 16 17 18 19 25 | 25.0
Translocations | 2 3 4 5 7 8 9 10 11 12 13 14 15 16 17 18 19 22 | 22.5
Fire Magic     | 2 3 4 5 7 8 9 10 11 12 13 14 15 16 17 18 19 22 | 22.5
Ice Magic      | 2 3 4 5 7 8 9 10 11 12 13 14 15 16 17 18 19 22 | 22.5
Air Magic      | 2 3 4 5 7 8 9 10 11 12 13 14 15 16 17 18 19 22 | 22.5
Earth Magic    | 2 3 4 5 7 8 9 10 11 12 13 14 15 16 17 18 19 22 | 22.5
Alchemy        | 2 3 4 5 7 8 9 10 11 12 13 14 15 16 17 18 19 22 | 22.5
Long Blades    | 3 4 5 6 7 8 9 |  9.7
Armour         | 2 3 4 5 6 7 8 9 10 11 12 13 17 | 17.6
Dodging        | 3 4 5 6 7 8 9 10 11 12 13 16 22 | 22.8
Evocations     | 2 3 5 6 9 10 11 | 11.4
Fighting       | 4 5 6 7 8 9 10 11 12 13 14 15 16 17 18 23 | 23.1
Shields        | 1 2 3 4 5 6 7 8 9 10 11 | 11.2
Shapeshifting  | 2 3 5 6 7 8 10 11 12 13 14 15 23 | 23.1
Polearms       | 3 6 8 10 11 12 14 | 14.4

Action                     |  1- 3 |  4- 6 |  7- 9 | 10-12 | 13-15 | 16-18 | 19-21 | 22-24 | 25-27 || total
---------------------------+-------+-------+-------+-------+-------+-------+-------+-------+-------++-------
  Melee: Falchion          |    96 |    77 |   404 |   100 |       |       |       |       |       ||   677
         Headbutt          |     5 |    15 |   100 |    41 |   284 |   328 |   274 |       |  1156 ||  2203
         Dagger            |       |       |    48 |       |       |       |       |       |       ||    48
         Long sword        |       |       |       |    41 |  1013 |   970 |   172 |       |       ||  2196
         Unarmed           |       |       |       |       |       |    10 |       |       |       ||    10
         Lance             |       |       |       |       |       |       |   882 |  1961 |  4870 ||  7713
   Cast: Stone Arrow       |       |       |    10 |    54 |    79 |   210 |    81 |    86 |    63 ||   583
         Static Discharge  |       |       |       |     7 |       |       |       |       |       ||     7
         Animate Dead      |       |       |       |     3 |    12 |    16 |     4 |     1 |     5 ||    41
         Shock             |       |       |       |     3 |     8 |    28 |    11 |     2 |       ||    52
         Freezing Cloud    |       |       |       |       |    39 |    95 |    69 |    50 |    63 ||   316
         Ozocubu's Armour  |       |       |       |       |     2 |     5 |       |     1 |     1 ||     9
         Monstrous Menager |       |       |       |       |       |       |     1 |    14 |    51 ||    66
         Sculpt Simulacrum |       |       |       |       |       |       |     1 |       |     3 ||     4
         Ozocubu's Refrige |       |       |       |       |       |       |   144 |   244 |   831 ||  1219
         Infestation       |       |       |       |       |       |       |       |       |     4 ||     4
         Discord           |       |       |       |       |       |       |       |       |     3 ||     3
Ability: Siphon Essence    |       |       |       |       |       |       |       |       |     1 ||     1
         Begin Untransform |       |       |       |       |       |       |       |       |     1 ||     1
  Evoke: Wand              |       |       |       |     4 |     1 |     4 |     1 |     2 |    11 ||    23
         Phantom mirror    |       |       |       |       |       |       |       |       |     2 ||     2
    Use: Scroll            |     1 |       |     7 |     3 |    10 |    10 |     4 |    13 |    17 ||    65
         Potion            |       |       |       |     2 |     1 |     1 |       |     3 |    10 ||    17
   Stab: Sleeping          |     1 |       |     4 |       |     1 |       |       |       |     2 ||     8
         Held in net/web   |     1 |       |       |       |       |       |       |       |       ||     1
         Confused          |       |     1 |     5 |       |     4 |     7 |     3 |       |    15 ||    35
         Petrified         |       |       |       |       |     4 |       |       |       |       ||     4
         Distracted        |       |       |       |       |     7 |     4 |     7 |    11 |    20 ||    49
         Paralysed         |       |       |       |       |       |    24 |       |    14 |       ||    38
         Invisible         |       |       |       |       |       |    11 |       |       |     6 ||    17
         Petrifying        |       |       |       |       |       |       |       |       |     2 ||     2
 Armour: Leather armour    |    66 |    54 |   227 |       |       |       |       |       |       ||   347
         Troll leather arm |       |       |   116 |   155 |   524 |   108 |       |       |       ||   903
         Scale mail        |       |       |       |       |       |   591 |   552 |    56 |       ||  1199
         Skin              |       |       |       |       |       |     3 |       |       |       ||     3
         Pearl dragon scal |       |       |       |       |       |       |       |   923 |  2302 ||  3225
  Dodge: Dodged            |    66 |    57 |   319 |   111 |   516 |   740 |   557 |   775 |  1893 ||  5034
  Block: Other             |     2 |    11 |       |       |       |       |       |       |       ||    13
         Buckler           |       |     7 |   246 |    95 |   368 |   404 |   282 |   535 |   229 ||  2166
         Kite shield       |       |       |       |       |       |       |       |       |  1795 ||  1795
   Form: Death             |       |       |       |       |       |       |       |       |     2 ||     2

Table legend: (Time is in decaauts)
 A = Elapsed time spent in this place.
 B = Non-inter-level travel time spent in this place.
 C = Inter-level travel time spent in this place.
 D = Time resting spent in this place.
 E = Time spent auto-exploring this place.
 F = Levels seen in this place.
 G = Mean time per level.
                   A        B        C        D        E       F      G
               +--------+--------+--------+--------+--------+-----+--------+
         Total |  87457 |  80291 |   7166 |  18832 |  42687 |  74 | 1181.9 |
       Dungeon |  24512 |  21572 |   2940 |   8187 |   9718 |  15 | 1634.1 |
          Lair |   6653 |   5624 |   1029 |    274 |   3848 |   5 | 1330.6 |
         Swamp |   5209 |   5130 |     79 |   2269 |   1949 |   4 | 1302.2 |
     Snake Pit |   5418 |   5212 |    206 |    656 |   3489 |   4 | 1354.5 |
    Slime Pits |   1581 |   1532 |     49 |    374 |    578 |   5 |  316.2 |
  Orcish Mines |   2808 |   2542 |    266 |    754 |   1250 |   2 | 1404.0 |
   Elven Halls |   3639 |   3375 |    264 |    284 |   2306 |   3 | 1213.0 |
        Vaults |   8406 |   7599 |    807 |    845 |   4796 |   5 | 1681.2 |
         Crypt |   4992 |   4815 |    177 |    705 |   2827 |   3 | 1664.0 |
        Depths |   8391 |   7219 |   1172 |   1776 |   3892 |   4 | 2097.8 |
          Hell |    622 |    582 |     40 |      0 |    350 |   1 |  622.0 |
           Zot |   3485 |   3353 |    132 |    366 |   2299 |   5 |  697.0 |
   Pandemonium |   8903 |   8903 |      0 |   1695 |   4300 |  13 |  684.8 |
         Sewer |    225 |    225 |      0 |      0 |    144 |   1 |  225.0 |
        Bailey |    500 |    500 |      0 |     76 |    166 |   1 |  500.0 |
      Ice Cave |     78 |     78 |      0 |     36 |      0 |   1 |   78.0 |
        Wizlab |    564 |    564 |      0 |    104 |    169 |   1 |  564.0 |
    Desolation |   1462 |   1462 |      0 |    429 |    605 |   1 | 1462.0 |
               +--------+--------+--------+--------+--------+-----+--------+

Top non-repeatable levels by time:
     D:1: 5873 daAuts
Depths:4: 3623 daAuts
    D:12: 2350 daAuts
   Orc:2: 2246 daAuts
 Crypt:3: 2239 daAuts
    D:11: 2162 daAuts
Vaults:1: 2141 daAuts
Depths:1: 2063 daAuts
    D:15: 1909 daAuts
 Swamp:2: 1839 daAuts
Vaults:4: 1813 daAuts
 Snake:1: 1800 daAuts
    D:13: 1776 daAuts
Vaults:5: 1710 daAuts
 Crypt:1: 1664 daAuts
